 Dungeon Crawl Stone Soup version 0.23-a0-356-g1757c6e (webtiles) character file.

17793026 Petrovich the Slayer (level 27, 219/219 (221) HPs)
             Began as a Merfolk Skald on Oct 20, 2018.
             Was a High Priest of Hepliaklqana.
             Escaped with the Orb
             ... and 15 runes on Oct 21, 2018!
             The game lasted 12:06:25 (87030 turns).

Petrovich the Slayer (Merfolk Skald)               Turns: 87030, Time: 12:06:26

HP:   219/219 (221) AC: 49    Str: 16    XL:     27
MP:   45/47         EV: 30    Int: 33    God:    Hepliaklqana [*****.]
Gold: 7419          SH:  0    Dex: 24    Spells: 0/67 levels left

rFire    + + +     SeeInvis .   W - +12 glaive of Prune {chop}
rCold    + . .     Gourm    .   (shield currently unavailable)
rNeg     + + +     Faith    .   v - +10 pearl dragon scales
rPois    ∞         Spirit   .   j - +2 helmet {Int+3}
rElec    .         Reflect  .   o - +2 cloak of the Dwarven Hall {rN+ rCorr}
rCorr    +         Harm     .   V - +2 pair of gloves {Str+3}
MR       +++..                  K - +2 pair of boots of Wonder {rN+ Int+4}
Stlth    ..........             t - amulet "Josal" {+Inv rPois rN+ Regen+}
HPRegen  0.86/turn              Y - ring of the Slug {Fire *Drain Int+3 Dex+3 Slay+3}
MPRegen  0.30/turn              q - ring "Qesifaps" {rCorr rF+ Int+7}

@: lich-form, deflect missiles
A: (change form in water), (swift swim), (stealthy swim), reduced essence, claws
1, blink, cold resistance 1, fire resistance 1, sense surroundings 1, screaming
1, shaggy fur 1
0: Orb of Zot
}: 15/15 runes: decaying, serpentine, slimy, silver, golden, iron, obsidian,
icy, bone, abyssal, demonic, glowing, magical, fiery, dark
a: End Transformation, Blink, Recall Ancestor, Ancestor Identity, Transference,
Idealise, Renounce Religion, Evoke Invisibility


You escaped.
You worshipped Hepliaklqana.
Hepliaklqana was extremely pleased with you.
You were not hungry.
You were a lich.
You visited 18 branches of the dungeon, and saw 90 of its levels.
You visited Pandemonium 1 time, and saw 19 of its levels.
You visited the Abyss 3 times.
You visited 1 bazaar.
You also visited: Trove and Ice Cave.

You collected 11356 gold pieces.
You spent 3937 gold pieces at shops.

Inventory:

Hand Weapons
 G - a +9 trishula of holy wrath
 W - the +12 glaive of Prune (weapon) {chop}
   (You found it on level 2 of the Elven Halls)

   It inflicts extra damage upon your enemies.
Missiles
 L - 6 throwing nets (quivered)
Armour
 j - a +2 helmet of intelligence (worn)
 o - the +2 cloak of the Dwarven Hall (worn) {rN+ rCorr}
   (You found it on level 5 of the Pits of Slime)

   It protects you from negative energy.
   It provides partial protection from all sources of acid and corrosion.
 v - +10 pearl dragon scales (worn)
 K - the +2 pair of boots of Wonder (worn) {rN+ Int+4}
   (You found it in Pandemonium)

   It affects your intelligence (+4).
   It protects you from negative energy.
 U - the +2 shield of Mumblety Peg {rElec rF++ rC+ MP-9}
   (You found it on level 4 of the Swamp)

   It greatly protects you from fire.
   It protects you from cold.
   It insulates you from electricity.
   It affects your magic capacity (-9).
 V - a +2 pair of gloves of strength (worn)
Magical Staves
 e - an uncursed staff of energy {!a}
Jewellery
 f - the ring "Kianusox" {Ice rElec rPois Dex+4 Stlth+}
   (You took it off a deep elf archer on level 3 of the Elven Halls)

   [ring of ice]

   It enhances your ice magic.
   It affects your dexterity (+4).
   It makes you vulnerable to fire.
   It protects you from cold.
   It insulates you from electricity.
   It protects you from poison.
   It makes you more stealthy.
 h - the ring of Hastoz {Dex+2 SInv}
   (You took it off a deep elf elementalist on level 5 of the Vaults)

   [ring of see invisible]

   It affects your dexterity (+2).
   It lets you see invisible.
 q - the ring "Qesifaps" (right hand) {rCorr rF+ Int+7}
   (You found it on level 5 of the Pits of Slime)

   [ring of resist corrosion]

   It affects your intelligence (+7).
   It protects you from fire.
 t - the amulet "Josal" (around neck) {+Inv rPois rN+ Regen+}
   (You found it on level 7 of Gehenna)

   [amulet of regeneration]

   It protects you from poison.
   It protects you from negative energy.
   It lets you turn invisible.
   It increases your rate of regeneration.
 Y - the ring of the Slug (left hand) {Fire *Drain Int+3 Dex+3 Slay+3}
   (You found it on level 1 of the Depths)

   [ring of fire]

   It enhances your fire magic.
   It affects your intelligence (+3).
   It affects your dexterity (+3).
   It affects your accuracy and damage with ranged weapons and melee attacks
   (+3).
   It protects you from fire.
   It makes you vulnerable to cold.
   It causes draining when unequipped.
Wands
 y - a wand of acid (67)
 z - a wand of clouds (12)
 J - a wand of scattershot (30)
 Q - a wand of digging (45)
 Z - a wand of iceblast (29)
Scrolls
 b - 9 scrolls of blinking
 i - 4 scrolls of identify
 x - 2 scrolls of summoning
 B - 13 scrolls of immolation {!r}
 F - 8 scrolls of amnesia
 M - a scroll of magic mapping
 O - 11 scrolls of fog
 R - 35 scrolls of remove curse
 T - 24 scrolls of teleportation
 X - a scroll of holy word {!r}
Potions
 a - 10 potions of mutation {!q}
 c - 10 potions of cancellation
 g - a potion of invisibility
 m - 3 potions of magic
 r - 6 potions of ambrosia
 u - 23 potions of flight
 w - 18 potions of heal wounds
 A - 5 potions of haste
 C - 31 potions of curing
 D - 9 potions of agility
 H - 7 potions of resistance
 I - 11 potions of brilliance
 S - 17 potions of might
Miscellaneous
 k - 6 boxes of beasts
 l - a phial of floods
 n - a lamp of fire
 p - a figurine of a ziggurat
 s - 10 sacks of spiders
 E - the horn of Geryon
 N - a lightning rod (4/4)
 P - 5 phantom mirrors
Comestibles
 d - 86 rations


   Skills:
 + Level 26.3 Fighting
 - Level 20.0 Polearms
 + Level 15.9 Armour
 + Level 25.0 Dodging
 - Level 15.0 Shields
 - Level 20.5 Spellcasting
 - Level 14.3 Charms
 - Level 24.6 Summonings
 + Level 15.3 Necromancy
 - Level 15.0 Translocations
 + Level 25.4 Transmutations
 - Level 6.6 Air Magic
 - Level 12.0 Earth Magic
 - Level 9.0 Invocations
 - Level 14.0 Evocations


You couldn't memorise any spells.
You knew the following spells:

 Your Spells              Type           Power        Failure   Level  Hunger
a - Apportation           Tloc           ######       0%          1    N/A
c - Lesser Beckoning      Tloc           #######...   1%          3    N/A
h - Regeneration          Chrm/Necr      ########..   1%          3    N/A
p - Passage of Golubria   Tloc           N/A          1%          4    N/A
s - Summon Lightning Spi  Summ/Air       #######.     1%          4    N/A
u - Yara's Violent Unrav  Hex/Tmut       #######...   1%          5    N/A
w - Passwall              Tmut/Erth      ########     0%          2    N/A
z - Borgnjor's Vile Clut  Necr/Erth      ########..   1%          5    N/A
B - Blink                 Tloc           N/A          0%          2    N/A
J - Aura of Abjuration    Summ           ########..   0%          5    N/A
M - Deflect Missiles      Chrm/Air       #######...   6%          6    N/A
N - Necromutation         Tmut/Necr      ########..   4%          8    N/A
R - Statue Form           Tmut/Erth      ########.    1%          6    N/A
S - Song of Slaying       Chrm           #######.     0%          2    N/A
W - Spectral Weapon       Hex/Chrm       ######..     1%          3    N/A
X - Summon Horrible Thin  Summ           ########..   1%          8    N/A

Your spell library contained the following spells:

 Spells                   Type           Power        Failure   Level  Hunger
 Animate Skeleton         Necr           N/A          0%          1    N/A
 Beastly Appendage        Tmut           ######       0%          1    N/A
 Infusion                 Chrm           ####         0%          1    N/A
 Pain                     Necr           ####         0%          1    N/A
 Summon Butterflies       Summ           ########     0%          1    N/A
 Summon Small Mammal      Summ           ####         0%          1    N/A
 Call Imp                 Summ           ########     0%          2    N/A
 Corpse Rot               Necr           N/A          0%          2    N/A
 Shroud of Golubria       Chrm/Tloc      #######...   0%          2    N/A
 Call Canine Familiar     Summ           ########     0%          3    N/A
 Recall                   Summ/Tloc      N/A          0%          3    N/A
 Vampiric Draining        Necr           ########..   0%          3    N/A
 Petrify                  Tmut/Erth      ########     0%          4    N/A
 Summon Demon             Summ           ########..   0%          5    N/A
 Hydra Form               Tmut           ########..   0%          6    N/A
 Sandblast                Erth           ######       1%          1    N/A
 Shock                    Conj/Air       ####         1%          1    N/A
 Poisonous Vapours        Pois/Air       ######       1%          2    N/A
 Swiftness                Chrm/Air       #######.     1%          2    N/A
 Gell's Gravitas          Tloc           #######...   1%          3    N/A
 Portal Projectile        Hex/Tloc       ######       1%          3    N/A
 Stone Arrow              Conj/Erth      ######       1%          3    N/A
 Summon Guardian Golem    Hex/Summ       #######.     1%          3    N/A
 Teleport Other           Tloc           #######.     1%          3    N/A
 Airstrike                Air            ######....   1%          4    N/A
 Animate Dead             Necr           N/A          1%          4    N/A
 Force Lance              Conj/Tloc      ######..     1%          4    N/A
 Ice Form                 Ice/Tmut       #######.     1%          4    N/A
 Summon Ice Beast         Ice/Summ       #######.     1%          4    N/A
 Irradiate                Conj/Tmut      #######...   1%          5    N/A
 Lee's Rapid Deconstruct  Erth           #######...   1%          5    N/A
 Summon Forest            Summ/Tloc      ########..   1%          5    N/A
 Summon Mana Viper        Hex/Summ       #######.     1%          5    N/A
 Death Channel            Necr           ########..   1%          6    N/A
 Dispersal                Tloc           #######...   1%          6    N/A
 Shadow Creatures         Summ           N/A          1%          6    N/A
 Dragon Form              Tmut           ########..   1%          7    N/A
 Haunt                    Necr/Summ      ########..   1%          7    N/A
 Malign Gateway           Summ/Tloc      ########..   1%          7    N/A
 Monstrous Menagerie      Summ           ########..   1%          7    N/A
 Summon Greater Demon     Summ           ########..   1%          7    N/A
 Summon Hydra             Summ           ########..   1%          7    N/A
 Confusing Touch          Hex            ####..       2%          1    N/A
 Corona                   Hex            ####...      2%          1    N/A
 Flame Tongue             Conj/Fire      #####        2%          1    N/A
 Magic Dart               Conj           ####         2%          1    N/A
 Sting                    Conj/Pois      ####         2%          1    N/A
 Static Discharge         Conj/Air       ######..     2%          3    N/A
 Leda's Liquefaction      Hex/Erth       ######....   2%          4    N/A
 Mephitic Cloud           Conj/Pois/Air  #####...     3%          3    N/A
 Bolt of Draining         Conj/Necr      #######...   3%          5    N/A
 Ensorcelled Hibernation  Hex/Ice        ####..       4%          2    N/A
 Searing Ray              Conj           ####..       4%          2    N/A
 Slow                     Hex            ####....     4%          2    N/A
 Throw Flame              Conj/Fire      ######       4%          2    N/A
 Iskenderun's Battlesphe  Conj/Chrm      ######..     4%          5    N/A
 Confuse                  Hex            ####....     9%          3    N/A
 Conjure Flame            Conj/Fire      ######..     9%          3    N/A
 Dazzling Spray           Conj/Hex       ####..       9%          3    N/A
 Inner Flame              Hex/Fire       ######..     9%          3    N/A
 Tukima's Dance           Hex            ####....     9%          3    N/A
 Bolt of Magma            Conj/Fire/Erth ######....   16%         5    N/A
 Spellforged Servitor     Conj/Summ      #######...   16%         7    N/A
 Simulacrum               Ice/Necr       #######...   19%         6    N/A
 Lightning Bolt           Conj/Air       ######....   21%         5    N/A
 Silence                  Hex/Air        ######....   21%         5    N/A
 Cause Fear               Hex            ####......   28%         4    N/A
 Fulminant Prism          Conj/Hex       ####......   28%         4    N/A
 Iskenderun's Mystic Bla  Conj           ####....     28%         4    N/A
 Olgreb's Toxic Radiance  Pois           ####....     28%         4    N/A
 Borgnjor's Revivificati  Necr           ########..   32%         8    N/A
 Infestation              Necr           ########..   32%         8    N/A
 Iron Shot                Conj/Erth      ######....   36%         6    N/A
 Controlled Blink         Tloc           N/A          36%         8    N/A
 Disjunction              Tloc           #######...   36%         8    N/A
 Death's Door             Chrm/Necr      ########..   38%         8    N/A
 Fireball                 Conj/Fire      ######....   61%         5    N/A
 Metabolic Englaciation   Hex/Ice        ####......   61%         5    N/A
 Venom Bolt               Conj/Pois      ####......   61%         5    N/A
 Ring of Flames           Chrm/Fire      #######...   77%         7    N/A
 Freezing Cloud           Conj/Ice/Air   #####.....   86%         6    N/A
 Bolt of Cold             Conj/Ice       ####......   99%         6    N/A
 Darkness                 Hex            ####......   99%         6    N/A
 Invisibility             Hex            ####....     99%         6    N/A
 Ozocubu's Refrigeration  Ice            ####......   99%         6    N/A
 Poison Arrow             Conj/Pois      ####......   99%         6    N/A
 Orb of Destruction       Conj           ####......   100%        7    N/A
 Chain Lightning          Conj/Air       ######....   100%        8    N/A
 Discord                  Hex            ####......   100%        8    N/A
 Ignition                 Fire           ######....   100%        8    N/A
 Lehudib's Crystal Spear  Conj/Erth      ######....   100%        8    N/A
 Fire Storm               Conj/Fire      ######....   100%        9    N/A
 Glaciate                 Conj/Ice       ####......   100%        9    N/A
 Shatter                  Erth           #######...   100%        9    N/A
 Tornado                  Air            ######....   100%        9    N/A

Dungeon Overview and Level Annotations

Branches:
Dungeon (15/15)            Temple (1/1) D:4            Lair (6/6) D:10
  Swamp (4/4) Lair:3        Snake (4/4) Lair:4        Slime (5/5) Lair:6
    Orc (2/2) D:10            Elf (3/3) Orc:2        Vaults (5/5) D:14
  Crypt (3/3) Vaults:2       Tomb (3/3) Crypt:3      Depths (5/5) D:15
   Hell (1/1)                 Dis (7/7) Hell            Geh (7/7) Hell
    Coc (7/7) Hell            Tar (7/7) Hell            Zot (5/5) Depths:5

Altars:
Ashenzari
Cheibriados
Dithmenos
Elyvilon
Fedhas
Gozag
Hepliaklqana
Kikubaaqudgha
Makhleb
Nemelex Xobeh
Okawaru
Qazlal
Ru
Sif Muna
Trog
Uskayaw
Vehumet
Wu Jian
Xom
Yredelemnul
Zin
The Shining One
Beogh
Jiyva
Lugonu

Shops:
Orc:2 ([(!=   Snake:4 [%}   Vaults:3 [   Depths:2 !

Portals:
Hell: Depths:1 Depths:2 Depths:3 Depths:4 Depths:5
Abyss: Crypt:2 Depths:1 Depths:3 Depths:4
Pandemonium: Depths:1 Depths:3
Ziggurat: Depths:5

Annotations:
Swamp:2 Byucvearph's ghost, adept DrBe
Snake:4 Vashnia
Depths:3 exclusion: 2 orange crystal statues
Dis:7 Dispater; Serpent of Hell


Innate Abilities, Weirdness & Mutations

((You revert to your normal form in water.))
((You are very nimble and swift while swimming.))
((You are very stealthy in the water. (Stealth+)))
Your life essence is reduced to manifest your ancestor. (-10% HP)
You have sharp fingernails.
You can translocate small distances at will.
Your flesh is cold resistant. (rC+)
Your flesh is heat resistant. (rF+)
You passively map a small area around you.
You occasionally shout uncontrollably at your foes.
You are covered in fur. (AC +1)


Message History

Press: ? - help, Shift-Dir - straight line, f - you Please select a direction to dig.
This square is covered in magical glow.
The rock shatters into small pieces.
Evoke which item? (* to show all) (? for menu, Esc to quit)
Aiming: Dig
Press: ? - help, Shift-Dir - straight line, f - you Please select a direction to dig.
This square is covered in magical glow.
The rock shatters into small pieces.
Evoke which item? (* to show all) (? for menu, Esc to quit)
Aiming: Dig
Press: ? - help, Shift-Dir - straight line, f - you Please select a direction to dig.
This square is covered in magical glow.
The rock shatters into small pieces.
There is an open door here.
There is a staircase leading out of the dungeon here.
Mihalich is recalled.
You have escaped!

#.......#
#.# ##.##
#.......#
#.###.##
#...)...#
#..#.##
#.......#
##..##
#########
###...#
#.....#
##'##..#
##...#..#
#.RL.+..##
##...##..#
##'####.#
#.# #.##
#)# #..#
##.# ##.#
#..# #.#
#.## ##.#
#.# #..#


You could see the friendly Mihalich the knight.

Vanquished Creatures
  Asmodeus (Geh:7)
  the Royal Jelly (Slime:5)
  Gloorx Vloq (Pan)
  Ereshkigal (Tar:7)
  A seraph (Pan)
  3 orbs of fire
  Mennas (Depths:4)
  8 ancient liches
  Boris (Depths:4)
  7 greater mummies (Tomb:3)
  Frederick (Vaults:3)
  3 shard shrikes
  2 Killer Klowns (Zot:5)
  6 pandemonium lords (Pan)
  A caustic shrike (Depths:5)
  Geryon (Hell)
  9 golden dragons
  7 bone dragons
  3 doom hounds
  2 pearl dragons (Pan)
  2 iron giants (Dis:7)
  11 Brimstone Fiends
  2 electric golems (Zot:5)
  18 Tzitzimimeh
  A hellephant (Abyss:3)
  19 Ice Fiends
  6 Hell Sentinels
  13 liches
  13 tentacled monstrosities
  A titan (Depths:4)
  21 Orb Guardians (Zot:5)
  7 quicksilver dragons
  Asterion (Snake:1)
  2 deep elf blademasters (Elf:3)
  14 ancient champions
  17 acid blobs
  3 tentacled starspawn
  6 Executioners (Pan)
  9 death cobs
  Agnes (D:15)
  7 thorn hunters
  9 sphinxes
  7 storm dragons
  14 shadow dragons
  18 azure jellies
  2 revenants
  3 draconian monks
  11 daevas (Pan)
  4 iron dragons
  7 vault wardens
  10 nagarajas
  2 ghost moths (Zot:5)
  2 orc warlords
  5 frost giants
  8 deep elf sorcerers
  A draconian scorcher (Zot:1)
  8 fire giants
  2 draconian annihilators
  20 balrugs
  4 ghouls
  3 curse skulls
  11 angels
  9 cacodemons
  22 very ugly things
  21 large abominations
  2 spriggan defenders (Depths:5)
  A warmonger (Pan)
  5 ironheart preservers
  12 war gargoyles
  3 black suns (Pan)
  4 deep elf elementalists (Elf:3)
  4 draconian stormcallers
  10 stone giants
  3 elemental wellsprings (Coc:7)
  42 reapers
  16 apis (Pan)
  4 blood saints (Pan)
  7 ophanim (Pan)
  A corrupter (Pan)
  7 vampire knights
  5 bennus
  2 green draconians (Zot:1)
  A deep elf demonologist (Elf:3)
  9 black draconians
  6 white draconians
  6 lorocyprocas
  6 deep elf annihilators
  7 red draconians
  2 purple draconians
  6 deep elf death magi
  5 spark wasps
  3 eidola
  22 blizzard demons
  7 death oozes
  3 crystal guardians (Crypt:3)
  3 green deaths
  4 fire dragons
  4 deep elf high priests
  9 ettins
  13 yaktaur captains
  5 jiangshi (Crypt:2)
  14 mummy priests
  A spectral kraken (Tar:7)
  4 quicksilver dragon zombies
  2 kraken zombies (Coc:7)
  8 great orbs of eyes
  22 ice dragons
  Harold (D:8)
  6 quicksilver dragon skeletons
  A great orb of eyes (shapeshifter) (Snake:4)
  The ghost of bear the Cleaver, a journeyman DsGl of Cheibriados (D:10)
  The ghost of heinrich the Geomancer, a journeyman OpEE of Sif Muna (D:11)
  8 rakshasas
  21 vault guards
  25 hydras
  A juggernaut simulacrum (Pan)
  6 monstrous demonspawn (Pan)
  5 spriggan air magi
  4 hell beasts
  16 naga warriors
  7 centaur warriors
  2 ghost crabs
  A merfolk avatar (Lair:6)
  4 death knights
  34 two-headed ogres
  An alligator snapping turtle (shapeshifter) (Vaults:1)
  53 death scarabs
  11 alligators
  16 ogre magi
  2 vampire magi
  4 anacondas
  3 tengu warriors
  18 hell hogs
  2 orc high priests (Orc:2)
  10 deep troll earth magi
  5 titan zombies
  A shock serpent (shapeshifter) (Vaults:5)
  5 deep troll shamans
  26 dancing weapons
  7 spriggan berserkers
  5 shock serpents
  8 thrashing horrors
  Urug (D:10)
  11 naga sharpshooters
  38 sun demons
  2 iron golems
  6 storm dragon zombies
  17 deep elf knights
  21 soul eaters
  26 hell knights
  4 titan skeletons
  2 golden dragon zombies
  15 sixfirhies
  A wretched star (Abyss:3)
  A spatial maelstrom (Abyss:3)
  A spectral minotaur (Depths:3)
  A salamander mystic (Snake:4)
  17 deep trolls
  3 shadow wraiths
  84 skeletal warriors
  The ghost of MisterFreud the Slicer, a novice KoAr of Kikubaaqudgha (D:11)
  4 infernal demonspawn (Pan)
  5 naga ritualists
  5 swamp dragons
  A death drake (Abyss:3)
  10 cherubim (Pan)
  3 iron trolls
  7 anaconda zombies
  5 storm dragon skeletons
  6 unseen horrors
  A glowing orange brain (shapeshifter) (Depths:3)
  4 spriggan druids
  A swamp dragon (shapeshifter) (Vaults:5)
  2 tengu zombies
  A ghost moth zombie (Dis:4)
  11 flayed ghosts
  12 glowing orange brains
  12 ironbrand convokers
  5 torturous demonspawn (Pan)
  4 anaconda skeletons
  7 deep elf archers
  5 wizards
  7 gelid demonspawn (Pan)
  22 starcursed masses
  17 shadow demons
  2 iron dragon zombies
  An obsidian statue (Depths:1)
  4 shadow dragon zombies
  A lindwurm (shapeshifter) (Depths:5)
  8 orc knights
  21 phantasmal warriors
  42 ugly things
  7 mana vipers
  A harpy (Lair:6)
  17 necromancers
  2 wolf spiders
  A mana viper (shapeshifter) (Depths:5)
  48 deep elf magi
  A harpy (shapeshifter) (Vaults:3)
  A wolf spider (shapeshifter) (Depths:2)
  4 wolf spider zombies
  A knight (Tomb:3)
  5 orc sorcerers
  7 shining eyes
  5 stone giant zombies
  6 cyclopes
  A manticore (Snake:2)
  13 moths of wrath
  5 frost giant zombies
  6 shadow dragon skeletons
  8 fire giant zombies
  5 salamanders
  A guardian serpent (shapeshifter) (Abyss:3)
  22 rust devils
  A water nymph (shapeshifter) (Vaults:4)
  A human skeleton (Vaults:3)
  4 iron dragon skeletons
  A worldbinder (Abyss:4)
  Maurice (D:10)
  4 dire elephant zombies
  9 elephants
  5 ice statues
  2 stone giant skeletons
  14 black mambas
  An eye of devastation (Slime:5)
  A black mamba (shapeshifter) (Vaults:2)
  8 naga magi
  7 vault sentinels
  11 spiny frogs
  2 centaur zombies
  10 molten gargoyles
  2 apocalypse crabs (Abyss:3)
  A frost giant skeleton (Geh:7)
  5 guardian serpents
  A fire giant skeleton (Coc:7)
  17 smoke demons
  3 gargoyles
  5 storm dragon simulacra (Coc:7)
  18 orange demons
  Joseph (D:8)
  2 emperor scorpion zombies
  A shock serpent skeleton (Tar:1)
  32 hellions
  4 titan simulacra (Coc:7)
  9 spectral swamp worms (Tar:7)
  A kobold demonologist (D:11)
  4 rime drakes
  29 ice devils
  A komodo dragon (shapeshifter) (D:13)
  A sea snake zombie (Crypt:2)
  A yaktaur zombie (Vaults:1)
  15 hellwings
  5 tengu conjurers
  4 efreet
  2 dire elephant skeletons
  A minotaur skeleton (Geh:7)
  10 komodo dragons
  A red draconian zombie (Crypt:1)
  22 yaktaurs
  A catoblepas skeleton (Tar:7)
  28 freezing wraiths
  14 demonic crawlers
  24 guardian mummies
  4 ancient zymes
  28 red devils
  11 small abominations
  20 tormentors
  10 hydra zombies
  A white draconian skeleton (Crypt:2)
  An anaconda simulacrum (Depths:3)
  6 tyrant leeches
  A death drake zombie (Crypt:1)
  A polar bear (shapeshifter) (Depths:3)
  A merfolk (Snake:3)
  4 polar bears
  4 trolls
  2 harpy zombies
  A sphinx simulacrum (Depths:3)
  4 raiju
  3 harpy skeletons
  3 ettin zombies
  Grinder (D:4)
  6 ice dragon zombies
  18 blink frogs
  A merfolk (shapeshifter) (Depths:2)
  A deep troll zombie (D:15)
  A raiju (shapeshifter) (Depths:5)
  A wind drake (Lair:6)
  11 hornets
  2 stone giant simulacra
  5 fire dragon zombies
  A blink frog (shapeshifter) (Vaults:5)
  5 hydra skeletons
  A fire giant simulacrum (Coc:6)
  A slime creature (shapeshifter) (Vaults:5)
  6 hippogriffs
  5 alligator zombies
  105 slime creatures
  2 bog bodies
  4 black mamba zombies
  An alligator skeleton (Hell)
  76 flying skulls
  A redback (shapeshifter) (Vaults:4)
  13 spriggans
  16 shadows
  3 ushabtiu
  4 vampires (Depths:3)
  A spriggan (shapeshifter) (Depths:1)
  2 ettin skeletons
  A tarantella (shapeshifter) (Vaults:2)
  A dire elephant simulacrum (Coc:7)
  27 yaks
  6 ice dragon skeletons (Coc:7)
  9 ynoxinuls
  30 wraiths
  6 wyverns
  A black mamba skeleton (Tar:6)
  8 water elementals
  16 fire elementals
  A steam dragon (D:11)
  6 chaos spawn
  7 neqoxecs
  A basilisk (Snake:4)
  5 hungry ghosts
  13 vampire mosquitoes
  7 insubstantial wisps
  9 wargs
  A warg (shapeshifter) (Vaults:1)
  19 swamp worms
  A merfolk zombie (Dis:3)
  A soldier ant (D:15)
  46 nagas
  A swamp worm (shapeshifter) (Vaults:1)
  An acid dragon (Vaults:1)
  8 spiny frog zombies
  8 hydra simulacra
  A soldier ant (shapeshifter) (Vaults:2)
  5 porcupines
  A floating eye (shapeshifter) (Vaults:5)
  Duvessa (D:4)
  9 water moccasins
  3 floating eyes
  32 hell hounds
  A spectral spriggan (Depths:3)
  A spectral troll (Depths:3)
  A manticore zombie (Dis:7)
  3 sky beasts
  17 ice beasts
  32 orc warriors
  10 swamp drakes
  5 spiny frog skeletons
  3 eyes of draining
  3 black bears
  2 snapping turtle zombies
  A phantom (D:7)
  A lindwurm zombie (Crypt:2)
  15 necrophages
  3 boggarts (Depths:2)
  26 ogres
  14 wolves
  23 centaurs
  A manticore skeleton (Crypt:3)
  6 snapping turtle skeletons
  A crocodile (shapeshifter) (Depths:5)
  4 human zombies
  2 big kobolds (D:11)
  4 crocodiles
  A salamander zombie (Crypt:2)
  18 bullfrogs
  5 earth elementals
  A wyvern zombie (Crypt:1)
  A spiny frog simulacrum (Hell)
  A wyvern skeleton (D:14)
  Dowan (D:4)
  2 scorpions
  2 spriggan zombies
  6 killer bees
  2 spectral ogres (Depths:3)
  A snapping turtle simulacrum (Tomb:3)
  3 spectral nagas (Depths:3)
  A spriggan skeleton (Tar:7)
  49 wights
  6 spectral centaurs (Depths:3)
  An electric eel (Lair:4)
  7 howler monkeys
  A bullfrog zombie (D:10)
  7 crimson imps
  3 lava snakes (Lair:3)
  A jelly (shapeshifter) (Vaults:5)
  A bullfrog skeleton (D:13)
  14 orc priests
  3 hounds
  3 jellies
  16 orc wizards
  16 iron imps
  2 iguanas
  A spriggan simulacrum (Depths:3)
  11 worker ants
  A naga zombie (Geh:3)
  A centaur simulacrum (Depths:3)
  An ogre skeleton (Tar:3)
  A hound zombie (D:10)
  25 mummies
  6 gnolls
  7 adders
  A steam dragon skeleton (Crypt:2)
  7 shadow imps
  9 white imps
  2 ufetubi
  5 oozes
  An adder skeleton (D:7)
  A dart slug (D:1)
  5 leopard geckos
  82 orcs
  7 bats
  5 giant cockroaches
  12 goblins
  11 hobgoblins
  10 jackals
  19 kobolds
  6 quokkas
  3 ball pythons
  7 frilled lizards
  A kobold zombie (Coc:7)
  2 leopard gecko skeletons
  A quokka skeleton (D:4)
  7 rats
  3 briar patches (Swamp:4)
  2 crawling corpses
  A fungus (Lair:6)
  A lurking horror (Abyss:5)
  A plant (Depths:1)
  A spectral weapon (Vaults:5)
  2 starspawn tentacles
  8 tentacles
3382 creatures vanquished.

Vanquished Creatures (collateral kills)
  Cerebov (Pan)
  Antaeus (Coc:7)
  Mnoleg (Pan)
  2 orbs of fire
  4 ancient liches
  3 greater mummies
  Saint Roka (Crypt:1)
  2 golden dragons
  3 Tzitzimimeh (Tar:7)
  2 Brimstone Fiends
  3 iron giants
  2 bone dragons
  2 electric golems
  Jorgrun (Swamp:3)
  A doom hound (Tar:5)
  A Hell Sentinel (Dis:1)
  4 Orb Guardians (Zot:5)
  Rupert (Lair:3)
  An Ice Fiend (Coc:7)
  7 tentacled monstrosities
  3 liches
  3 quicksilver dragons
  15 acid blobs
  2 deep elf master archers (Elf:3)
  6 sphinxes
  3 tentacled starspawn
  A death cob (Zot:2)
  5 Executioners (Pan)
  4 ancient champions
  5 storm dragons
  A thorn hunter (Abyss:4)
  4 shadow dragons
  2 warmongers (Pan)
  3 tengu reavers
  2 azure jellies
  Roxanne (Swamp:3)
  2 daevas (Pan)
  5 nagarajas (Snake:4)
  2 frost giants
  2 draconian knights
  3 iron dragons
  7 vault wardens
  A ghost moth (Zot:5)
  2 fire giants
  7 balrugs
  4 deep elf sorcerers
  A draconian stormcaller (Zot:2)
  6 ironheart preservers
  A draconian shifter (Depths:5)
  5 cacodemons
  9 reapers
  An elemental wellspring (Coc:7)
  3 deep elf elementalists
  8 angels (Pan)
  2 spriggan defenders (Depths:5)
  5 war gargoyles
  4 ophanim (Pan)
  14 very ugly things
  A green draconian (Zot:3)
  2 draconian annihilators
  6 stone giants
  5 vampire knights
  An entropy weaver (Vaults:4)
  7 apis (Pan)
  2 corrupters (Pan)
  4 lorocyprocas
  3 bennus
  5 black draconians
  4 black suns (Pan)
  2 deep elf demonologists
  4 purple draconians
  5 deep elf annihilators
  6 red draconians
  A white draconian (Zot:4)
  5 yellow draconians
  An eidolon (Crypt:1)
  6 blizzard demons
  3 deep elf death magi
  5 mummy priests
  6 yaktaur captains
  3 death oozes (Slime:5)
  A fire dragon (Vaults:4)
  3 green deaths
  A jiangshi (Crypt:2)
  9 ettins
  The ghost of CLM the Grappler, a journeyman NaTm of Cheibriados (D:11)
  6 great orbs of eyes
  A deep elf high priest (Depths:5)
  7 vault guards
  6 ice dragons
  A kraken zombie (Coc:2)
  9 hydras
  7 naga warriors
  2 monstrous demonspawn (Pan)
  A juggernaut simulacrum (Pan)
  A quicksilver dragon skeleton (Dis:7)
  4 rakshasas
  A spriggan air mage (Depths:2)
  2 centaur warriors
  18 two-headed ogres
  A death knight (Crypt:1)
  An anaconda (Snake:2)
  A deep troll shaman (Depths:5)
  5 ogre magi
  12 dancing weapons
  4 vampire magi
  9 death scarabs
  6 hell hogs
  5 alligators
  A tengu warrior (D:15)
  A thrashing horror (Abyss:4)
  13 hell knights
  8 naga sharpshooters (Snake:4)
  A titan zombie (Geh:4)
  A titan skeleton (Tar:7)
  2 deep elf knights
  2 spriggan berserkers
  2 shock serpents (Snake:4)
  An iron golem (Hell)
  A sixfirhy (Abyss:3)
  2 shadow wraiths (Pan)
  7 sun demons
  4 spriggans
  A storm dragon zombie (Coc:7)
  4 wretched stars
  A spatial maelstrom (Abyss:5)
  6 soul eaters
  2 iron trolls (Depths:5)
  2 cherubim (Pan)
  A storm dragon skeleton (Coc:3)
  18 skeletal warriors
  A fire crab (shapeshifter) (Depths:3)
  A death drake (Depths:3)
  4 gelid demonspawn (Pan)
  3 torturous demonspawn
  9 deep trolls
  2 wizards
  5 flayed ghosts
  The ghost of feelmyfire the Destroyer, a novice DrCj of Sif Muna (D:7)
  A spriggan druid (Swamp:2)
  A ghost moth zombie (Geh:6)
  6 large abominations
  A shadow dragon zombie (Tomb:2)
  3 naga ritualists
  A shadow demon (Tar:5)
  3 swamp dragons (Swamp:4)
  5 phantasmal warriors
  9 ironbrand convokers
  11 starcursed masses
  2 wolf spider zombies
  2 infernal demonspawn (Pan)
  8 deep elf archers
  2 orc knights
  An oklob plant (Lair:2)
  24 deep elf magi
  A golden dragon skeleton (Tar:2)
  4 necromancers
  5 mana vipers
  A mana viper (shapeshifter) (Snake:4)
  2 fire giant zombies
  A manticore (D:14)
  3 wolf spiders
  28 ugly things
  A frost giant zombie (Dis:3)
  A cyclops (Vaults:2)
  An orc sorcerer (Vaults:3)
  2 salamanders
  A stone giant zombie (Geh:7)
  3 moths of wrath
  5 shining eyes
  3 elephants (Lair:6)
  An elephant (shapeshifter) (Depths:5)
  4 fire giant skeletons
  3 dire elephant zombies
  9 rust devils
  2 ice statues (Pan)
  An elf zombie (Depths:3)
  4 guardian serpents
  2 titan simulacra (Coc:7)
  3 molten gargoyles
  2 centaur zombies
  3 vault sentinels
  A frost giant skeleton (Geh:3)
  An apocalypse crab (Abyss:4)
  2 human skeletons
  4 orange demons
  7 black mambas
  5 naga magi (Snake:4)
  11 smoke demons
  2 dire elephant skeletons (Coc:7)
  A black draconian zombie (Crypt:1)
  7 spiny frogs
  2 spectral swamp worms (Tar:7)
  A catoblepas zombie (Geh:7)
  4 tormentors
  12 yaktaurs
  A rime drake (Lair:6)
  A kobold demonologist (D:15)
  2 efreet
  2 anaconda simulacra (Coc:7)
  2 hellions
  A yaktaur skeleton (Vaults:1)
  6 ice devils
  A komodo dragon (Lair:2)
  8 guardian mummies
  A spectral merfolk (Depths:3)
  12 freezing wraiths
  12 red devils
  3 demonic crawlers (Pan)
  A catoblepas skeleton (Crypt:3)
  2 wind drakes (Lair:6)
  2 ancient zymes (Abyss:3)
  2 hydra zombies
  3 harpy zombies
  2 tengu simulacra (Vaults:3)
  2 polar bears (Lair:6)
  3 trolls
  2 ettin zombies
  A bog body (Crypt:1)
  42 slime creatures
  2 harpy skeletons
  8 hornets
  2 raiju (Abyss:3)
  3 blink frogs
  An alligator zombie (Coc:6)
  A hippogriff (Lair:2)
  A fire dragon zombie (Dis:7)
  Sigmund (D:5)
  33 flying skulls
  2 ettin skeletons
  An alligator skeleton (Coc:7)
  An ice dragon zombie (Dis:4)
  13 yaks
  2 water elementals (Coc:7)
  An ushabti (Tomb:1)
  5 ynoxinuls (Pan)
  11 wraiths
  A basilisk (Lair:6)
  7 shadows
  10 fire elementals
  A human simulacrum (Vaults:2)
  3 hungry ghosts
  A yaktaur simulacrum (Vaults:1)
  9 neqoxecs
  9 vampire mosquitoes
  2 chaos spawn (Pan)
  23 nagas
  A spatial vortex (Coc:2)
  3 insubstantial wisps (Swamp:3)
  2 wargs
  8 swamp worms
  A faun zombie (Crypt:1)
  9 hell hounds
  A spiny frog zombie (Coc:7)
  A porcupine (shapeshifter) (Depths:5)
  8 water moccasins
  A porcupine (D:10)
  A water moccasin (shapeshifter) (Elf:1)
  6 swamp drakes
  A snapping turtle zombie (Depths:3)
  2 eyes of draining
  8 ice beasts
  13 orc warriors
  A sky beast (D:15)
  A black bear (D:10)
  A black bear (shapeshifter) (D:15)
  2 eyes of draining (shapeshifter)
  3 necrophages
  A phantom (Geh:3)
  A dream sheep zombie (Crypt:2)
  17 ogres
  3 wolves
  A boggart (Depths:2)
  2 snapping turtle skeletons (Geh:7)
  5 centaurs
  4 crocodiles
  A big kobold (D:11)
  A salamander skeleton (Crypt:2)
  An earth elemental (Elf:2)
  6 bullfrogs
  2 small abominations (Abyss:3)
  A scorpion (D:10)
  2 killer bees
  A troll skeleton (Geh:5)
  14 wights
  2 howler monkeys
  2 lava snakes (Lair:3)
  6 crimson imps
  2 hounds
  6 orc priests
  A bullfrog skeleton (Crypt:2)
  5 iron imps
  4 iguanas
  7 orc wizards
  4 worker ants
  A naga zombie (Crypt:1)
  A crocodile skeleton (Crypt:1)
  A tengu skeleton (Geh:5)
  4 mummies
  A hound skeleton (D:10)
  5 adders
  5 shadow imps
  2 white imps
  An ufetubus (Depths:1)
  38 orcs
  A giant cockroach (D:5)
  7 kobolds
  2 quokkas
  A ball python skeleton (Crypt:1)
  A jackal zombie (D:7)
  2 leopard gecko zombies (D:5)
  A quokka skeleton (D:5)
  4 briar patches
  A crawling corpse (Vaults:5)
  A demonic plant (Pan)
  A fire vortex (Depths:1)
  A fungus (Lair:6)
  A lurking horror (Abyss:4)
  A plant (Lair:6)
  3 starspawn tentacles
  A tentacle (Coc:2)
1284 creatures vanquished.

Vanquished Creatures (others)
  A tentacled monstrosity (Depths:5)
  6 eldritch tentacles
  A warmonger (Pan)
  3 stone giants
  A yellow draconian (Zot:1)
  3 centaur warriors
  2 sixfirhies (Pan)
  A shadow wraith (Depths:3)
  A deep troll (Depths:2)
  3 moths of wrath (Zot:5)
  A rust devil (Dis:7)
  A hellion (D:10)
  7 yaktaurs
  A raiju (Abyss:3)
  4 flying skulls (Tomb:2)
  A water elemental (Elf:3)
  A black mamba zombie (Dis:7)
  A black mamba skeleton (Geh:7)
  A soldier ant (shapeshifter) (Elf:3)
  An ogre (Vaults:3)
  An iron imp (Dis:7)
  74 knights
  A mummy (Tomb:2)
  9 ancestors
  7 ball lightnings (Pan)
  5 briar patches
  A fire vortex (Pan)
  32 fungi
  46 plants
  136 spectral weapons
  12 starspawn tentacles
  11 tentacles
  13 withered plants
389 creatures vanquished.

Grand Total: 5055 creatures vanquished

Notes
Turn   | Place    | Note
-------+----------+-------------------------------------------
     0 | D:1      | Petrovich the Merfolk Skald began the quest for the Orb.
     0 | D:1      | Reached XP level 1. HP: 16/16 MP: 3/3
    47 | D:1      | Reached XP level 2. HP: 7/23 MP: 0/5
   529 | D:1      | Reached XP level 3. HP: 18/28 MP: 1/6
   957 | D:1      | Reached skill level 5 in Polearms
  1003 | D:1      | Reached skill level 3 in Fighting
  1440 | D:2      | Reached XP level 4. HP: 35/35 MP: 7/7
  1648 | D:2      | Found a blossoming altar of Fedhas.
  1870 | D:3      | Found a faded altar of an unknown god.
  1990 | D:3      | Reached XP level 5. HP: 36/41 MP: 4/8
  2594 | D:4      | Noticed Grinder
  2812 | D:3      | Reached skill level 4 in Fighting
  3063 | D:4      | Reached XP level 6. HP: 48/48 MP: 9/9
  3360 | D:4      | Noticed Duvessa
  3361 | D:4      | Noticed Dowan
  3490 | D:4      | Killed Grinder
  3490 | D:4      | Reached skill level 5 in Fighting
  3490 | D:4      | Reached XP level 7. HP: 22/56 MP: 1/10
  4142 | D:4      | Found a staircase to the Ecumenical Temple.
  4181 | Temple   | Entered the Ecumenical Temple
  4218 | Temple   | Became a worshipper of Hepliaklqana the Forgotten
  4276 | D:4      | Reached skill level 10 in Polearms
  4304 | D:5      | Entered Level 5 of the Dungeon
  4322 | D:5      | Noticed Sigmund
  4449 | D:5      | Killed Sigmund
  4449 | D:5      | Reached XP level 8. HP: 57/57 MP: 7/11
  4695 | D:5      | Reached skill level 6 in Fighting
  5149 | D:5      | Reached skill level 5 in Dodging
  5153 | D:5      | Learned a level 2 spell: Song of Slaying
  5157 | D:5      | Learned a level 3 spell: Spectral Weapon
  5161 | D:5      | Learned a level 3 spell: Regeneration
  5521 | D:6      | Reached * piety under Hepliaklqana
  5740 | D:6      | Found the +6 lightning scales {run, rElec}
  6398 | D:6      | Reached skill level 1 in Shields
  6398 | D:6      | Reached XP level 9. HP: 63/63 MP: 5/12
  6658 | D:4      | Killed Dowan
  6759 | D:4      | Killed Duvessa
  6829 | D:6      | Reached skill level 7 in Fighting
  7085 | D:7      | Noticed a gargoyle
  7212 | D:7      | Found an opulent altar of Gozag.
  7553 | D:7      | Found a runed gate.
  7553 | D:7      | Found a runed gate.
  7555 | D:7      | Found an opulent altar of Gozag.
  7557 | D:7      | Found a runed gate.
  7558 | D:7      | Noticed feelmyfire's ghost (novice DrCj)
  7576 | D:7      | Noticed a green ugly thing
  7904 | D:7      | Reached ** piety under Hepliaklqana
  7905 | D:7      | Remembered your ancestor Mihalich as a knight
  8044 | D:7      | Killed a gargoyle
  8489 | D:8      | Noticed Harold
  8557 | D:8      | Killed Harold
  8557 | D:8      | Reached skill level 8 in Fighting
  8557 | D:8      | Reached XP level 10. HP: 63/72 MP: 8/13
  8942 | D:8      | Noticed Joseph
  8972 | D:8      | Killed Joseph
  9226 | D:9      | Reached *** piety under Hepliaklqana
  9466 | D:9      | Reached skill level 9 in Fighting
  9564 | D:9      | Got a distressingly furry ring mail
  9568 | D:9      | Identified the +2 ring mail "Wunobb" {rF+ rC+ rN++ MR-}
                  | (You found it on level 9 of the Dungeon)
  9733 | D:9      | Found a sparkling altar of Nemelex Xobeh.
  9923 | D:10     | Entered Level 10 of the Dungeon
  9927 | D:10     | Found a staircase to the Orcish Mines.
 10089 | D:10     | Noticed Urug
 10124 | D:10     | Killed Urug
 10124 | D:10     | Reached skill level 1 in Invocations
 10308 | D:10     | Found a runed gate.
 10308 | D:10     | Found a runed gate.
 10308 | D:10     | Found a runed gate.
 10308 | D:10     | Noticed bear's ghost (journeyman DsGl)
 10704 | D:10     | Reached XP level 11. HP: 80/80 MP: 14/14
 10851 | D:10     | Reached skill level 15 in Polearms
 10914 | D:10     | Reached **** piety under Hepliaklqana
 11097 | D:10     | Found a staircase to the Lair.
 11308 | D:11     | Noticed Maurice
 11332 | D:10     | Killed Maurice
 11332 | D:10     | Reached skill level 10 in Dodging
 11463 | D:11     | Noticed a white ugly thing
 11598 | Lair:1   | Entered Level 1 of the Lair of Beasts
 11641 | Lair:1   | Reached skill level 5 in Charms
 12150 | Lair:1   | Reached ***** piety under Hepliaklqana
 12214 | Lair:1   | Identified Geimuixy's Tome of Captivating Unholy Arts
 12364 | Lair:1   | Reached skill level 10 in Fighting
 12957 | Lair:2   | Reached XP level 12. HP: 89/89 MP: 7/15
 13660 | Lair:3   | Reached skill level 11 in Fighting
 14010 | Lair:3   | Got a bloodstained ring mail
 14216 | Lair:3   | Found a staircase to the Swamp.
 14329 | Lair:3   | Noticed Rupert
 14353 | Lair:3   | You are confused.
 14355 | Lair:3   | Paralysed by Rupert for 2 turns
 14384 | Lair:3   | Killed Rupert
 14384 | Lair:3   | Reached skill level 12 in Fighting
 14621 | Lair:3   | Identified the +0 ring mail of Servitude {rPois rN++ MR-
                  | SInv} (You found it on level 3 of the Lair of Beasts)
 14867 | Lair:4   | Found a frozen archway.
 15072 | IceCv    | Entered an ice cave
 15312 | IceCv    | Reached XP level 13. HP: 98/98 MP: 16/16
 15530 | IceCv    | Noticed an ice dragon
 15587 | IceCv    | Killed an ice dragon
 15587 | IceCv    | Reached skill level 13 in Fighting
 15636 | IceCv    | Noticed an ice dragon
 15659 | IceCv    | Killed an ice dragon
 15721 | IceCv    | Got a sparkling brass ring
 15734 | IceCv    | Identified the ring of the Crushed Friends {EV+1 Int+6}
                  | (You found it in an ice cave)
 15737 | IceCv    | Got a smoking ruby amulet
 15741 | IceCv    | Identified the amulet of the Bull {RegenMP Int+4} (You
                  | found it in an ice cave)
 16541 | Lair:4   | Found a staircase to the Snake Pit.
 16803 | Lair:5   | Reached skill level 15 in Dodging
 17141 | Lair:5   | Reached ****** piety under Hepliaklqana
 17674 | Lair:6   | Entered Level 6 of the Lair of Beasts
 17773 | Lair:5   | Reached skill level 14 in Fighting
 17994 | Lair:6   | Found a runed door.
 17995 | Lair:6   | Found a viscous altar of Jiyva.
 17997 | Lair:6   | Found a staircase to the Slime Pits.
 18120 | Lair:6   | Reached XP level 14. HP: 108/108 MP: 19/19
 18615 | Lair:6   | Reached skill level 5 in Spellcasting
 18697 | Lair:6   | Reached skill level 10 in Charms
 19053 | Lair:6   | Got a heavily runed ruby amulet
 19114 | Lair:6   | Identified the amulet of Resumed Hostilities {Acrobat rPois
                  | Stlth+} (You found it on level 6 of the Lair of Beasts)
 19406 | D:11     | Found a runed gate.
 19409 | D:11     | Found a runed gate.
 19409 | D:11     | Found a runed gate.
 19410 | D:11     | Noticed CLM's ghost (journeyman NaTm)
 19411 | D:11     | Noticed heinrich's ghost (journeyman OpEE)
 19411 | D:11     | Noticed MisterFreud's ghost (novice KoAr)
 19624 | D:11     | Reached skill level 1 in Evocations
 20234 | D:12     | Found a sparkling altar of Nemelex Xobeh.
 20365 | D:12     | Found a runed door.
 20562 | D:12     | Reached skill level 15 in Fighting
 20907 | D:13     | Found a corrupted altar of Lugonu.
 21536 | D:13     | Learned a level 6 spell: Statue Form
 21694 | D:13     | Reached skill level 1 in Transmutations
 22067 | D:13     | Reached skill level 1 in Earth Magic
 22073 | D:13     | Reached skill level 5 in Invocations
 22087 | D:13     | Reached XP level 15. HP: 85/116 MP: 22/22
 22579 | D:14     | Found a shadowy altar of Dithmenos.
 23036 | D:14     | Found a gate to the Vaults.
 23134 | D:15     | Entered Level 15 of the Dungeon
 23280 | D:15     | Found a staircase to the Depths.
 23338 | D:15     | Noticed Agnes
 23890 | D:15     | Reached skill level 5 in Transmutations
 24215 | D:15     | Killed Agnes
 24283 | D:15     | Found the amulet of the Air {Inacc +Fly rElec EV+5 RMsl}
 25084 | D:15     | Found a portal to a secret trove of treasure.
 25352 | D:7      | Killed feelmyfire's ghost
 25676 | D:10     | Killed bear's ghost
 25676 | D:10     | Reached XP level 16. HP: 124/124 MP: 22/25
 25798 | D:11     | Killed heinrich's ghost
 25820 | D:11     | Killed CLM's ghost
 25831 | D:11     | Killed MisterFreud's ghost
 25927 | Orc:1    | Entered Level 1 of the Orcish Mines
 26036 | Orc:2    | Entered Level 2 of the Orcish Mines
 26463 | Orc:2    | Found a roughly hewn altar of Beogh.
 26661 | Orc:2    | Found Qubb's Distillery.
 26727 | Orc:2    | Found a staircase to the Elven Halls.
 26744 | Orc:2    | Found a roughly hewn altar of Beogh.
 26809 | Orc:2    | Found a roughly hewn altar of Beogh.
 26836 | Orc:2    | Found Tiboh's Jewellery Shoppe.
 26872 | Orc:2    | Reached skill level 16 in Fighting
 27104 | Orc:2    | Found Ettih's Antique Weapon Emporium.
 27105 | Orc:2    | Found a roughly hewn altar of Beogh.
 27108 | Orc:2    | Found Azoe's Antique Armour Shoppe.
 27119 | Orc:2    | Bought a shiny helmet for 240 gold pieces
 27119 | Orc:2    | Bought an embroidered scarf for 256 gold pieces
 27333 | Orc:2    | Found a roughly hewn altar of Beogh.
 27353 | Orc:2    | Found Nooriant's Antique Weapon Emporium.
 27358 | Orc:2    | Bought a fine halberd for 252 gold pieces
 27360 | Orc:2    | Identified the cursed +0 halberd of Defence by Offence
                  | {speed, +Blink +Rage rElec Int-3} (You bought it in a shop
                  | on level 2 of the Orcish Mines)
 27363 | Orc:2    | Bought a runed glaive for 266 gold pieces
 27414 | Orc:2    | Found a roughly hewn altar of Beogh.
 27601 | Snake:1  | Entered Level 1 of the Snake Pit
 27642 | Snake:1  | Noticed Asterion
 27738 | Snake:1  | Reached skill level 5 in Earth Magic
 28308 | Snake:2  | Found a flickering gateway to a bazaar.
 28314 | Bazaar   | Entered a bazaar
 28332 | Bazaar   | Found Line Fum's Antique Armour Shoppe.
 28332 | Bazaar   | Found Xoraruci's Antique Weapon Emporium.
 28353 | Bazaar   | Found Hiokop's Magic Scroll Shoppe.
 28353 | Bazaar   | Found Heniopyludd's General Store.
 28375 | Bazaar   | Found Fafatt's Gadget Emporium.
 28419 | Bazaar   | Bought a scroll of magic mapping for 45 gold pieces
 28419 | Bazaar   | Bought a scroll of identify for 26 gold pieces
 28419 | Bazaar   | Bought a scroll of identify for 26 gold pieces
 28419 | Bazaar   | Bought a scroll of magic mapping for 45 gold pieces
 28419 | Bazaar   | Bought a scroll of identify for 26 gold pieces
 28419 | Bazaar   | Bought a scroll of summoning for 123 gold pieces
 28425 | Bazaar   | Bought a scroll of identify for 26 gold pieces
 28425 | Bazaar   | Bought a scroll of identify for 26 gold pieces
 28425 | Bazaar   | Bought a potion of curing for 39 gold pieces
 28425 | Bazaar   | Bought a scroll of identify for 26 gold pieces
 28425 | Bazaar   | Bought a potion of might for 52 gold pieces
 28443 | Bazaar   | Bought a pair of pitted boots for 171 gold pieces
 28455 | Bazaar   | Identified the +1 pair of boots "Vesesobo" {MR+ Str-4 SInv}
                  | (You bought it in a shop in a bazaar)
 28469 | Bazaar   | Bought a scroll of vulnerability for 97 gold pieces
 29513 | Snake:3  | Found a runed door.
 30178 | Snake:4  | Entered Level 4 of the Snake Pit
 30188 | Snake:4  | Reached XP level 17. HP: 92/130 MP: 25/28
 30507 | Snake:4  | Found Asiasch's Food Shop.
 30566 | Snake:4  | Found Rusunwa's Gadget Boutique.
 30766 | Snake:4  | Noticed Vashnia
 31568 | Snake:4  | Reached skill level 10 in Transmutations
 32400 | Snake:4  | Reached skill level 17 in Fighting
 32648 | Snake:4  | Reached XP level 18. HP: 127/138 MP: 30/30
 32652 | Snake:4  | Got a serpentine rune of Zot
 33216 | Snake:4  | Found Feinkesa's Antique Armour Shop.
 34019 | Snake:1  | Killed Asterion
 34252 | Swamp:1  | Entered Level 1 of the Swamp
 34871 | Swamp:2  | Found a runed door.
 34875 | Swamp:2  | Noticed Byucvearph's ghost (adept DrBe)
 35778 | Swamp:3  | Noticed Jorgrun
 35800 | Swamp:3  | Killed Jorgrun
 36047 | Swamp:3  | Noticed Roxanne
 36339 | Swamp:4  | Entered Level 4 of the Swamp
 36544 | Swamp:3  | Reached XP level 19. HP: 134/146 MP: 21/31
 36742 | Swamp:4  | Reached skill level 18 in Fighting
 36827 | Swamp:4  | Got a decaying rune of Zot
 37050 | Swamp:4  | Noticed a tentacled monstrosity
 37059 | Swamp:4  | Killed a tentacled monstrosity
 37099 | Swamp:4  | Identified the +2 shield of Mumblety Peg {rElec rF++ rC+
                  | MP-9} (You found it on level 4 of the Swamp)
 37315 | Swamp:3  | Killed Roxanne
 37513 | Swamp:2  | Identified the ring of Osasyan {rN+ Int+2 Stlth+} (You
                  | found it on level 2 of the Swamp)
 37762 | Elf:1    | Entered Level 1 of the Elven Halls
 38392 | Elf:1    | You are confused.
 38596 | Elf:1    | Identified the Compendium of Summoning
 38810 | Elf:1    | Got an uncursed warped halberd
 38874 | Elf:1    | Identified the +10 halberd of the Eternal Warrior {speed,
                  | +Blink Stlth+} (You took it off a deep elf archer on level
                  | 1 of the Elven Halls)
 39098 | Elf:2    | Found the +12 glaive of Prune {chop}
 39280 | Elf:2    | Found a runed gate.
 39280 | Elf:2    | Found a runed gate.
 39280 | Elf:2    | Found a runed gate.
 39627 | Elf:2    | Reached XP level 20. HP: 154/154 MP: 26/32
 39732 | Elf:2    | Reached skill level 15 in Transmutations
 39861 | Elf:3    | Entered Level 3 of the Elven Halls
 40425 | Elf:3    | Identified the ring "Kianusox" {Ice rElec rPois Dex+4
                  | Stlth+}
 40496 | Elf:3    | Reached skill level 5 in Evocations
 40501 | Elf:3    | Noticed a Brimstone Fiend
 40784 | Elf:3    | Identified the cursed +0 robe "Foogga Byhe" {rPois Str+4}
 40823 | Elf:3    | Identified the +10 morningstar of the Places {flame, Int+3
                  | Stlth+}
 41003 | Elf:3    | Reached skill level 10 in Earth Magic
 41122 | Elf:3    | Identified the +6 long sword "Suvessun" {freeze, rF+}
 41237 | Elf:3    | Identified the cursed +1 plate armour of Impressiveness
                  | {rPois Regen+ Stlth+}
 41237 | Elf:3    | Identified the ring "Biamuf" {Ice rPois Str+2 Dex+3 Stlth-}
 41457 | Elf:3    | Identified Sif Muna's Compendium of Stolen Souls and Curses
 41792 | Orc:2    | Bought a potion of brilliance for 56 gold pieces
 41792 | Orc:2    | Bought a potion of lignification for 42 gold pieces
 41792 | Orc:2    | Bought a potion of mutation for 112 gold pieces
 41792 | Orc:2    | Bought a potion of might for 56 gold pieces
 41792 | Orc:2    | Bought a potion of ambrosia for 112 gold pieces
 41792 | Orc:2    | Bought a potion of brilliance for 56 gold pieces
 41792 | Orc:2    | Bought a potion of flight for 42 gold pieces
 42093 | D:15     | You paid a toll of 19 scrolls of identify to enter a
                  | treasure trove
 42094 | Trove    | Entered a treasure trove
 42216 | Vaults:1 | Entered Level 1 of the Vaults
 42291 | Vaults:1 | You feel dopey.
 42592 | Vaults:1 | Reached XP level 21. HP: 160/160 MP: 29/33
 42951 | Vaults:1 | Got a translucent quarterstaff
 42952 | Vaults:1 | Identified the +10 quarterstaff of Glory {elec, +Inv rF+
                  | Dex+4} (You found it on level 1 of the Vaults)
 43131 | Vaults:1 | Identified a scroll of acquirement
 44452 | Vaults:2 | Found a staircase to the Crypt.
 45281 | Vaults:3 | Learned a level 4 spell: Summon Lightning Spire
 45302 | Vaults:3 | Reached skill level 1 in Summonings
 45706 | Vaults:3 | Noticed Frederick
 45724 | Vaults:3 | Killed Frederick
 45724 | Vaults:3 | Reached XP level 22. HP: 166/166 MP: 32/34
 45755 | Vaults:3 | Reached skill level 5 in Summonings
 46170 | Vaults:3 | Found Xaolues's Armour Boutique.
 46178 | Vaults:3 | Bought a +0 pair of gloves of strength for 184 gold pieces
 46646 | Vaults:4 | You feel dopey.
 46778 | Vaults:4 | Reached skill level 10 in Summonings
 46799 | Vaults:4 | Identified the +2 cloak "Uwaungos" {rPois} (You acquired it
                  | on level 4 of the Vaults)
 47646 | Vaults:4 | Upgraded the game from 0.23-a0-350-g6fd5563 to
                  | 0.23-a0-356-g1757c6e
 47861 | Crypt:1  | Entered Level 1 of the Crypt
 48335 | Crypt:1  | Noticed Saint Roka
 48364 | Crypt:1  | Killed Saint Roka
 48443 | Crypt:1  | Reached XP level 23. HP: 172/172 MP: 35/35
 49327 | Crypt:2  | Paralysed by a vampire knight for 4 turns
 49714 | Crypt:2  | Found a shimmering altar of Xom.
 49771 | Crypt:2  | Found a one-way gate to the infinite horrors of the Abyss.
 49850 | Crypt:3  | Entered Level 3 of the Crypt
 50608 | Crypt:3  | Reached skill level 15 in Summonings
 50710 | Crypt:3  | Found a staircase to the Tomb.
 51085 | Crypt:3  | Identified Qegusiph's Disquisition on Dislocated Attacks
 51089 | Crypt:3  | Learned a level 1 spell: Apportation
 51091 | Crypt:3  | Learned a level 1 spell: Summon Butterflies
 51217 | Crypt:3  | Noticed an ancient lich
 51227 | Crypt:3  | Killed an ancient lich
 51227 | Crypt:3  | Reached skill level 10 in Spellcasting
 51383 | Crypt:3  | Found a basalt altar of Yredelemnul.
 51792 | Depths:1 | Entered Level 1 of the Depths
 51899 | Depths:1 | Reached XP level 24. HP: 179/179 MP: 37/37
 52440 | Depths:1 | Found a one-way gate leading to the halls of Pandemonium.
 52697 | Depths:1 | Found a gateway to Hell.
 52949 | Depths:1 | Identified the ring of the Slug {Fire *Drain Int+3 Dex+3
                  | Slay+3} (You found it on level 1 of the Depths)
 52985 | Depths:1 | You feel dopey.
 53355 | Depths:2 | Reached skill level 19 in Fighting
 53707 | Depths:2 | Paralysed by a floating eye for 2 turns
 53717 | Depths:2 | Identified the Guide on the Escort and Heat
 53984 | Depths:2 | Found Ykkuruz's Distillery.
 53990 | Depths:2 | Bought a potion of heal wounds for 85 gold pieces
 53990 | Depths:2 | Bought a potion of resistance for 170 gold pieces
 53990 | Depths:2 | Bought a potion of flight for 51 gold pieces
 53990 | Depths:2 | Bought a potion of flight for 51 gold pieces
 53990 | Depths:2 | Bought a potion of brilliance for 68 gold pieces
 53990 | Depths:2 | Bought a potion of agility for 68 gold pieces
 53990 | Depths:2 | Bought a potion of agility for 68 gold pieces
 53990 | Depths:2 | Bought 2 potions of agility for 136 gold pieces
 53990 | Depths:2 | Bought a potion of brilliance for 68 gold pieces
 54387 | Depths:3 | Reached XP level 25. HP: 184/187 MP: 35/37
 54557 | Depths:3 | Identified the +2 helmet of the Orb {rPois rC- Stlth+} (You
                  | found it on level 3 of the Depths)
 55145 | Depths:3 | You are confused.
 55305 | Depths:3 | Reached XP level 26. HP: 190/195 MP: 37/37
 55527 | Depths:3 | Noticed an ancient lich
 55538 | Depths:3 | Killed an ancient lich
 55538 | Depths:3 | Reached skill level 20 in Fighting
 55643 | Depths:3 | Paralysed by a floating eye for 2 turns
 55770 | Depths:4 | Learned a level 5 spell: Borgnjor's Vile Clutch
 55778 | Depths:4 | Learned a level 7 spell: Monstrous Menagerie
 55869 | Depths:4 | You are confused.
 55870 | Depths:4 | Paralysed by a great orb of eyes for 3 turns
 55910 | Depths:4 | Noticed Boris
 55933 | Depths:4 | Killed Boris
 55961 | Depths:4 | Reached skill level 1 in Necromancy
 55966 | Depths:4 | Noticed Mennas
 56539 | Depths:5 | Entered Level 5 of the Depths
 56755 | Depths:5 | Identified the Guide on Destructive Evil
 56957 | Depths:5 | Identified the +4 double sword of the Coward {flame, rElec
                  | rN++ Dex-2 SInv}
 57000 | Depths:5 | Reached XP level 27. HP: 188/201 MP: 37/37
 57270 | Depths:5 | Found a gate to the Realm of Zot.
 57394 | Depths:5 | Identified the Guide on the Glacier
 57580 | Depths:5 | You are confused.
 58081 | Depths:5 | Reached skill level 5 in Necromancy
 58120 | Depths:5 | Found a gateway to a ziggurat.
 58339 | Depths:5 | Learned a level 5 spell: Yara's Violent Unravelling
 58434 | Depths:4 | You are confused.
 58438 | Depths:4 | Killed Mennas
 58768 | Vaults:5 | Entered Level 5 of the Vaults
 58934 | Vaults:5 | Noticed an ancient lich
 58962 | Vaults:5 | Killed an ancient lich
 59218 | Vaults:5 | Reached skill level 21 in Fighting
 59264 | Vaults:5 | Noticed an ancient lich
 59289 | Vaults:5 | Killed an ancient lich
 59486 | Vaults:5 | Identified the +8 hunting sling of Experimentation
                  | {velocity, rPois}
 59490 | Vaults:5 | Identified the +9 hand axe of the Countless Hells {venom,
                  | MR+++ Str-5 Int-4 Dex+5}
 59592 | Vaults:5 | Noticed an ancient lich
 59601 | Vaults:5 | Killed an ancient lich
 59626 | Vaults:5 | Cast into level 2 of the Abyss (a deep elf sorcerer)
 59730 | Vaults:5 | Escaped the Abyss
 59799 | Vaults:5 | Found Net Nost's Distillery.
 59844 | Vaults:5 | Bought a potion of flight for 66 gold pieces
 59844 | Vaults:5 | Bought 2 potions of curing for 132 gold pieces
 59844 | Vaults:5 | Bought a potion of agility for 88 gold pieces
 59844 | Vaults:5 | Bought a potion of heal wounds for 110 gold pieces
 59844 | Vaults:5 | Bought a potion of curing for 66 gold pieces
 59844 | Vaults:5 | Bought a potion of haste for 220 gold pieces
 59844 | Vaults:5 | Bought a potion of might for 88 gold pieces
 60014 | Vaults:5 | Reached skill level 22 in Fighting
 60100 | Vaults:5 | Learned a level 5 spell: Summon Forest
 60140 | Vaults:5 | Identified the +1 chain mail of Okawaru's Generosity {rElec
                  | rF- Slay+6 Stlth-}
 60180 | Vaults:5 | Identified the ring of Hastoz {Dex+2 SInv}
 60430 | Vaults:5 | Got a silver rune of Zot
 60958 | Slime:1  | Entered Level 1 of the Pits of Slime
 60997 | Slime:1  | Gained mutation: Your magical capacity is low. (-10% MP) [a
                  | shining eye]
 61018 | Slime:1  | Gained mutation: You occasionally shout uncontrollably at
                  | your foes. [a shining eye]
 61303 | Slime:2  | Reached skill level 10 in Necromancy
 61556 | Slime:4  | Paralysed by a great orb of eyes for 2 turns
 61559 | Slime:4  | You are confused.
 61812 | Slime:5  | Entered Level 5 of the Pits of Slime
 61947 | Slime:5  | Noticed the Royal Jelly
 61978 | Slime:5  | Reached skill level 23 in Fighting
 62018 | Slime:5  | Reached skill level 15 in Spellcasting
 62229 | Slime:5  | Found a viscous altar of Jiyva.
 62233 | Slime:5  | Found the +8 trident of the Octopus King {venom, rElec
                  | rPois MR+}
 62326 | Slime:5  | Killed the Royal Jelly
 62451 | Slime:5  | Got a slimy cloak
 62455 | Slime:5  | Identified the +2 cloak of the Dwarven Hall {rN+ rCorr}
                  | (You found it on level 5 of the Pits of Slime)
 62491 | Slime:5  | Got a steaming marble ring
 62492 | Slime:5  | Identified the ring "Qesifaps" {rCorr rF+ Int+7} (You found
                  | it on level 5 of the Pits of Slime)
 62517 | Slime:5  | Learned a level 2 spell: Blink
 62522 | Slime:5  | Learned a level 4 spell: Passage of Golubria
 62526 | Slime:5  | Got a transparent ruby amulet
 62527 | Slime:5  | Identified the amulet of Moodiness {Harm *Drain rC+ rN+
                  | Dex+6} (You found it on level 5 of the Pits of Slime)
 62566 | Slime:5  | Got a slimy rune of Zot
 62827 | Lair:1   | Learned a level 8 spell: Summon Horrible Things
 63215 | Zot:1    | Entered Level 1 of the Realm of Zot
 63242 | Zot:2    | Reached skill level 1 in Translocations
 63753 | Zot:2    | Reached skill level 5 in Translocations
 63994 | Zot:1    | Noticed an orb of fire
 64001 | Zot:2    | Gained mutation: Scrolls take you a little longer to read.
                  | [an orb of fire]
 64009 | Zot:2    | Killed an orb of fire
 64713 | Zot:3    | Noticed an orb of fire
 64713 | Zot:3    | Gained mutation: You tend to lose your temper in combat.
                  | [an orb of fire]
 64735 | Zot:3    | Killed an orb of fire
 65426 | Zot:4    | You feel dopey.
 65670 | Zot:4    | Learned a level 7 spell: Malign Gateway
 66087 | Zot:5    | Entered Level 5 of the Realm of Zot
 66694 | Zot:5    | Reached skill level 24 in Fighting
 66716 | Zot:5    | Gained mutation: You are frail. (-10% HP) [the power of
                  | Zot]
 66738 | Zot:5    | Noticed an ancient lich
 66746 | Zot:5    | Noticed an ancient lich
 66758 | Zot:5    | Killed an ancient lich
 66762 | Zot:5    | Noticed an ancient lich
 66763 | Zot:5    | Killed an ancient lich
 66764 | Zot:5    | Noticed an orb of fire
 66768 | Zot:5    | Killed an ancient lich
 66768 | Zot:5    | Reached skill level 10 in Translocations
 66793 | Zot:5    | Killed an orb of fire
 67262 | Zot:5    | Noticed an orb of fire
 67294 | Zot:5    | Killed an orb of fire
 67316 | Zot:5    | Noticed an ancient lich
 67320 | Zot:5    | Paralysed by an ancient lich for 6 turns
 67340 | Zot:5    | Killed an ancient lich
 67417 | Zot:5    | Noticed an ancient lich
 67434 | Zot:5    | Killed an ancient lich
 67510 | Zot:5    | Learned a level 1 spell: Animate Skeleton
 67596 | Zot:5    | Noticed an ancient lich
 67614 | Zot:5    | Killed an ancient lich
 68145 | Depths:1 | Lost mutation: You tend to lose your temper in combat.
                  | [potion of mutation]
 68145 | Depths:1 | Lost mutation: Scrolls take you a little longer to read.
                  | [potion of mutation]
 68145 | Depths:1 | Lost mutation: You occasionally shout uncontrollably at
                  | your foes. [potion of mutation]
 68145 | Depths:1 | Gained mutation: You tend to lose your temper in combat.
                  | [potion of mutation]
 68145 | Depths:1 | Gained mutation: You are resistant to hostile enchantments.
                  | (MR+) [potion of mutation]
 68145 | Depths:1 | Gained mutation: You can translocate small distances at
                  | will. [potion of mutation]
 68146 | Depths:1 | Lost mutation: You are frail. (-10% HP) [potion of
                  | mutation]
 68146 | Depths:1 | Lost mutation: You are resistant to hostile enchantments.
                  | (MR+) [potion of mutation]
 68146 | Depths:1 | Lost mutation: Your magical capacity is low. (-10% MP)
                  | [potion of mutation]
 68146 | Depths:1 | Gained mutation: You are covered in fur. (AC +1) [potion of
                  | mutation]
 68146 | Depths:1 | Gained mutation: You passively map a small area around you.
                  | [potion of mutation]
 68146 | Depths:1 | Gained mutation: You have sharp fingernails. [potion of
                  | mutation]
 68178 | Hell     | Entered the Vestibule of Hell
 68178 | Hell     | Noticed Geryon
 68214 | Depths:1 | Reached skill level 5 in Shields
 68304 | Hell     | You feel dopey.
 68320 | Hell     | You feel dopey.
 68331 | Hell     | Killed Geryon
 69689 | Hell     | Found a gateway to the ashen valley of Gehenna.
 69773 | Geh:1    | Entered Level 1 of Gehenna
 69795 | Geh:1    | You fall through a shaft!
 70058 | Geh:3    | kirsanium: кек
 70059 | Geh:3    | kirsanium: петрович и михалыч
 70064 | Geh:3    | Petrovich: правильно написано?
 70064 | Geh:3    | Petrovich: транслитом
 70074 | Geh:3    | kirsanium: я бы так же написал
 70078 | Geh:3    | kirsanium: а что, кому-то не нравится?
 70078 | Geh:3    | Petrovich: мне
 70091 | Geh:3    | kirsanium: как тебе хепл в экстенде?
 70095 | Geh:3    | Petrovich: хз, пока не решил
 70138 | Geh:4    | You are confused.
 70219 | Geh:4    | Reached skill level 10 in Shields
 70342 | Geh:5    | You are confused.
 70343 | Geh:5    | Petrovich: мр мало
 70343 | Geh:5    | Petrovich: надоели парализовать и конфузить
 70356 | Geh:5    | kirsanium: зато тришула
 70358 | Geh:5    | Petrovich: да, повезло
 70403 | Geh:6    | kirsanium: выучи яру
 70403 | Geh:6    | Petrovich: уже
 70418 | Geh:6    | kirsanium: значит все не так уж плохо на сегоооодняшний
                  | день
 70465 | Geh:6    | Petrovich: хорошо хоть мобы тупят, а не тормент за
                  | торментом
 70481 | Geh:7    | Entered Level 7 of Gehenna
 70895 | Geh:7    | kirsanium: Петрович Акробат
 70897 | Geh:7    | kirsanium: поэтично
 70898 | Geh:7    | kirsanium: это за что тайтл?
 70902 | Geh:7    | Petrovich: ?
 70902 | Geh:7    | Petrovich: какой тайл?
 70914 | Geh:7    | kirsanium: Petrovich the Acrobat
 70914 | Geh:7    | Petrovich: а, за додж наверное
 70997 | Geh:7    | Identified the +7 sceptre of Asmodeus
 70997 | Geh:7    | Noticed Asmodeus
 71013 | Geh:7    | Killed Asmodeus
 71020 | Geh:7    | kirsanium: реген
 71052 | Geh:7    | Identified the Compendium of Conjuration and Cold
 71054 | Geh:7    | Identified the ring "Huthucwytwa" {Wiz MR+} (You found it
                  | on level 7 of Gehenna)
 71063 | Geh:7    | Identified the Handbook of Flight and Necromancy
 71074 | Geh:7    | Identified the amulet "Josal" {+Inv rPois rN+ Regen+} (You
                  | found it on level 7 of Gehenna)
 71075 | Geh:7    | Identified the ring of the Scavenger {rPois Dex+2} (You
                  | found it on level 7 of Gehenna)
 71105 | Geh:7    | Got a transparent hat
 71111 | Geh:7    | Identified the +2 hat "Gudahia" {rN++ Int-4} (You found it
                  | on level 7 of Gehenna)
 71130 | Geh:7    | Got an obsidian rune of Zot
 71219 | Geh:7    | Reached skill level 15 in Shields
 71260 | Geh:7    | beem: I am beem. For help, type: !beem
 71260 | Geh:7    | Identified the Compendium of the Earthen Voyage
 71267 | Geh:7    | Learned a level 3 spell: Lesser Beckoning
 71270 | Geh:7    | Learned a level 2 spell: Passwall
 71354 | Geh:7    | kirsanium: петрович, ты же в курсе существования конфы в
                  | телеге?
 71356 | Geh:7    | Petrovich: нет
 71357 | Geh:7    | kirsanium: о как
 71359 | Geh:7    | Petrovich: а че там?
 71371 | Geh:7    | kirsanium: рашан дксс комунити
 71395 | Geh:7    | kirsanium: неймлесс, ссылку помнишь?
 71398 | Geh:7    | kirsanium: /ru_crawl вроде
 71399 | Geh:7    | Petrovich: ok, может зайду
 71409 | Geh:7    | TheNamelessOne: https://t.me/ru_crawl
 71420 | Geh:7    | kirsanium: приходи, почти все там
 71423 | Geh:7    | kirsanium: кроме сержио
 71464 | Geh:7    | Reached skill level 25 in Fighting
 71597 | Hell     | Petrovich: хз куда дальше
 71597 | Hell     | Petrovich: Анатеуса мне не одолеть
 71622 | Hell     | TheNamelessOne: dvtcnt cghfdbntcm
 71622 | Hell     | TheNamelessOne: вместе справитесь
 71626 | Hell     | TheNamelessOne: о
 71626 | Hell     | TheNamelessOne: так ті ж с тентаклей
 71626 | Hell     | TheNamelessOne: изи
 71626 | Hell     | Petrovich: она неуправляемая
 71626 | Hell     | Petrovich: я забываю ею пользоваться
 71669 | Hell     | TheNamelessOne: пофигу,кастуешь тентаклю, ловишь антея -
                  | ему писта
 71672 | Hell     | Found a gateway to the Iron City of Dis.
 71681 | Dis:1    | Entered Level 1 of the Iron City of Dis
 71702 | Dis:1    | Reached skill level 1 in Armour
 71706 | Dis:1    | TheNamelessOne: работает на любом унике безотказно
 72088 | Dis:4    | Petrovich: пидр
 72106 | Dis:4    | TheNamelessOne: где?
 72107 | Dis:4    | Petrovich: в шахту провалился
 72107 | Dis:4    | Petrovich: я хотел туда
 72110 | Dis:4    | TheNamelessOne: а
 72146 | Dis:5    | TheNamelessOne: подумал, pidr заходил
 72306 | Dis:7    | Entered Level 7 of the Iron City of Dis
 72469 | Dis:7    | Reached skill level 26 in Fighting
 72977 | Dis:7    | Reached skill level 5 in Armour
 73460 | Dis:7    | Identified the +4 staff of Dispater
 73460 | Dis:7    | Identified the ring "Caigg" {*Contam rElec Int+4 Slay+3
                  | SInv}
 73460 | Dis:7    | Noticed Dispater
 73461 | Dis:7    | Petrovich: новый тайл
 73464 | Dis:7    | kirsanium: старый был лучше
 73464 | Dis:7    | Petrovich: соглашусь
 73464 | Dis:7    | Petrovich: более стильный
 73465 | Dis:7    | kirsanium: тут просто здоровый голем
 73465 | Dis:7    | kirsanium: а там был в натуре демоняка
 73476 | Dis:7    | Got an iron rune of Zot
 73548 | Dis:7    | TheNamelessOne: блин
 73549 | Dis:7    | TheNamelessOne: пропустил
 73571 | Dis:7    | Noticed the Serpent of Hell
 73593 | Dis:7    | ReniFell: Новые тайлы круть, хангри гост вообще пушка
 73595 | Dis:7    | Petrovich: госты лучше
 73611 | Dis:7    | ReniFell: И новый скептер тормента тоже огонь
 73616 | Dis:7    | Petrovich: да
 73713 | Hell     | Petrovich: перерыв
 73713 | Hell     | Petrovich: я уже какую-то херню творю
 73713 | Hell     | Petrovich: выходить или оставить?
 73743 | Hell     | Found a gateway to the decaying netherworld of Tartarus.
 73752 | Tar:1    | Entered Level 1 of Tartarus
 73780 | Tar:1    | Reached skill level 10 in Evocations
 74444 | Tar:7    | Entered Level 7 of Tartarus
 75119 | Tar:7    | Noticed Ereshkigal
 75140 | Tar:7    | Killed Ereshkigal
 75233 | Tar:7    | Identified the Reference Book on Hurtful Transmutation
 75239 | Tar:7    | Got a bone rune of Zot
 75274 | Tar:7    | Got a bound lead ring
 75572 | Tar:7    | You feel dopey.
 75669 | Hell     | Identified the ring of the Last Friends {*Tele rC+} (You
                  | found it on level 7 of Tartarus)
 75879 | Hell     | Found a gateway to the freezing wastes of Cocytus.
 75915 | Coc:1    | Entered Level 1 of Cocytus
 75937 | Coc:2    | Reached skill level 15 in Translocations
 76186 | Coc:3    | You are confused.
 76375 | Coc:5    | Reached skill level 10 in Armour
 76628 | Coc:7    | Entered Level 7 of Cocytus
 77380 | Coc:7    | Noticed Antaeus
 77410 | Coc:7    | Killed Antaeus
 77468 | Coc:7    | Got an icy rune of Zot
 77830 | Pan      | Entered Pandemonium
 78370 | Pan      | Found a runed door.
 78434 | Pan      | Found a runed door.
 78482 | Pan      | Found a runed door.
 78482 | Pan      | Noticed Jenuinn the pandemonium lord
 78493 | Pan      | Killed Jenuinn the pandemonium lord
 78523 | Pan      | Found a runed door.
 78898 | Pan      | Noticed Pawiyl the pandemonium lord
 78928 | Pan      | Killed Pawiyl the pandemonium lord
 79060 | Pan      | Noticed Isytadel the pandemonium lord
 79071 | Pan      | Killed Isytadel the pandemonium lord
 79153 | Pan      | Learned a level 5 spell: Aura of Abjuration
 79436 | Pan      | Noticed Dacy Mio the pandemonium lord
 79449 | Pan      | Killed Dacy Mio the pandemonium lord
 79492 | Pan      | Got a demonic rune of Zot
 79708 | Pan      | Found an exit through the horrors of the Abyss.
 79760 | Pan      | Gained mutation: You often lose your temper in combat. [a
                  | neqoxec]
 79889 | Pan      | Entered the realm of Lom Lobon.
 79907 | Pan      | You feel dopey.
 80008 | Pan      | Lost mutation: You often lose your temper in combat.
                  | [potion of mutation]
 80008 | Pan      | Lost mutation: You tend to lose your temper in combat.
                  | [potion of mutation]
 80008 | Pan      | Gained mutation: Your flesh is heat resistant. (rF+)
                  | [potion of mutation]
 80008 | Pan      | Gained mutation: Your flesh is cold resistant. (rC+)
                  | [potion of mutation]
 80050 | Pan      | Cast into level 4 of the Abyss (a lich)
 80139 | Pan      | Escaped the Abyss
 80191 | Pan      | Noticed Lom Lobon
 80216 | Pan      | Got a magical rune of Zot
 80279 | Pan      | Gained mutation: You occasionally shout uncontrollably at
                  | your foes. [a cacodemon]
 80393 | Pan      | Found a white marble altar of Elyvilon.
 80873 | Pan      | Found a glowing silver altar of Zin.
 81157 | Pan      | Reached skill level 15 in Armour
 81274 | Pan      | Identified the ring of Amelioration {*Tele rPois rF+
                  | Stlth+}
 81274 | Pan      | Noticed a seraph
 81296 | Pan      | Killed a seraph
 81315 | Pan      | Found a glowing golden altar of the Shining One.
 81888 | Pan      | Learned a level 6 spell: Deflect Missiles
 81889 | Pan      | Entered the realm of Cerebov.
 81961 | Pan      | Reached skill level 1 in Air Magic
 82021 | Pan      | Identified the +2 pair of boots of Wonder {rN+ Int+4} (You
                  | found it in Pandemonium)
 82038 | Pan      | Identified the +8 plate armour of Wixtar {rElec rC+}
 82068 | Pan      | Identified the +11 halberd "Wayviu Joron" {flame, rN++
                  | Dex-3}
 82087 | Pan      | Identified Sif Muna's Papyrus of Freezing Lightness
 82121 | Pan      | Identified the +6 sword of Cerebov {flame}
 82121 | Pan      | Noticed Cerebov
 82170 | Pan      | Got a fiery rune of Zot
 82190 | Pan      | Petrovich: ты предлагал Gateway и что?
 82190 | Pan      | TheNamelessOne: bvc
 82190 | Pan      | Petrovich: ok
 82202 | Pan      | Petrovich: лол
 82204 | Pan      | TheNamelessOne: да
 82214 | Pan      | TheNamelessOne: у тентакли бренд хаоса
 82219 | Pan      | Killed Cerebov
 82220 | Pan      | Petrovich: ппц
 82220 | Pan      | Petrovich: и как я это пропустил
 82325 | Pan      | Entered the realm of Gloorx Vloq.
 82348 | Pan      | TheNamelessOne: бывает, мне пока тип в телеге не подсказал,
                  | я тоже не знал какая это крутая штука
 82398 | Pan      | Reached skill level 5 in Air Magic
 82496 | Pan      | Noticed Gloorx Vloq
 82503 | Pan      | Killed Gloorx Vloq
 82508 | Pan      | Got a dark rune of Zot
 82546 | Pan      | TheNamelessOne: єто біло слишком бістро
 82547 | Pan      | Petrovich: holy word ftw
 82553 | Pan      | Petrovich: успею к тумбе некромут раскачать?
 82555 | Pan      | TheNamelessOne: читал в бою с ломом, 3 свитка - и он
                  | хильнулся
 82555 | Pan      | Petrovich: я его обворовал
 82555 | Pan      | Petrovich: не хочу с ним на открытой местности сходится
 82569 | Pan      | TheNamelessOne: решил что лкс будет эффективней
 82570 | Pan      | Petrovich: у него EV++++
 82570 | Pan      | Petrovich: а, с zombie hands
 82575 | Pan      | TheNamelessOne: bvc
 82586 | Pan      | TheNamelessOne: да
 82618 | Pan      | Noticed Beothres the pandemonium lord
 82623 | Pan      | Killed Beothres the pandemonium lord
 82751 | Pan      | Noticed Vemyeliwk the pandemonium lord
 82772 | Pan      | Killed Vemyeliwk the pandemonium lord
 82917 | Pan      | Found an exit through the horrors of the Abyss.
 83159 | Pan      | Entered the realm of Mnoleg.
 83214 | Pan      | Noticed Mnoleg
 83225 | Pan      | Killed Mnoleg
 83259 | Pan      | Got a glowing rune of Zot
 83407 | Pan      | Found an exit through the horrors of the Abyss.
 83421 | Pan      | Took an exit into the Abyss.
 83421 | Abyss:1  | Escaped into the Abyss
 83574 | Abyss:3  | Found a sparkling altar of Nemelex Xobeh.
 83691 | Abyss:3  | Paralysed by a great orb of eyes for 5 turns
 83885 | Abyss:3  | You are confused.
 84245 | Abyss:4  | Got an abyssal rune of Zot
 84321 | Abyss:5  | Entered Level 5 of the Abyss
 84439 | Abyss:5  | Paralysed by accursed screaming for 2 turns
 84450 | Depths:3 | Escaped the Abyss
 84551 | Hell     | Learned a level 8 spell: Necromutation
 84553 | Hell     | Petrovich: в личформе можно в PDA расхаживать
 84553 | Hell     | Petrovich: не логично
 84891 | Tomb:1   | Entered Level 1 of the Tomb of the Ancients
 85102 | Tomb:1   | Noticed an ancient lich
 85114 | Tomb:1   | Killed an ancient lich
 85297 | Tomb:1   | Noticed a greater mummy
 85319 | Tomb:1   | Killed a greater mummy
 85342 | Tomb:2   | Noticed an ancient lich
 85391 | Tomb:2   | You feel dopey.
 85483 | Tomb:3   | Entered Level 3 of the Tomb of the Ancients
 85494 | Tomb:3   | Noticed a greater mummy
 85498 | Tomb:3   | Noticed a greater mummy
 85509 | Tomb:3   | Noticed a greater mummy
 85512 | Tomb:3   | Killed a greater mummy
 85514 | Tomb:3   | Killed a greater mummy
 85515 | Tomb:3   | Noticed a greater mummy
 85520 | Tomb:3   | Killed a greater mummy
 85529 | Tomb:3   | Killed a greater mummy
 85529 | Tomb:3   | Reached skill level 15 in Necromancy
 85529 | Tomb:3   | Noticed a greater mummy
 85584 | Tomb:3   | You feel dopey.
 85596 | Tomb:3   | Killed a greater mummy
 85604 | Tomb:3   | Noticed a greater mummy
 85618 | Tomb:3   | Killed a greater mummy
 85664 | Tomb:3   | Noticed a greater mummy
 85670 | Tomb:3   | Noticed a greater mummy
 85673 | Tomb:3   | Killed a greater mummy
 85682 | Tomb:3   | Killed a greater mummy
 85705 | Tomb:3   | Found the +3 warlock's mirror {reflect}
 85769 | Tomb:3   | Noticed a greater mummy
 85774 | Tomb:3   | Killed a greater mummy
 85867 | Tomb:3   | Got a golden rune of Zot
 86497 | Zot:5    | Noticed an orb of fire
 86513 | Zot:5    | Killed an orb of fire
 86552 | Zot:5    | Got the Orb of Zot
 86859 | D:10     | Noticed Daggut the pandemonium lord
 86859 | D:10     | Noticed an ancient lich
 87030 | D:$      | Escaped with the Orb!

Vault maps used:
D:1:      dpeg_arrival_tiny_g, minmay_misc_feat_ornament, minmay_nonomino_d4
D:2:      fedhas_altar_2
D:3:      chequers_ecumenical_altar_simple
D:4:      temple_fountains, first_ration, chequers_serial_rivers_marsh,
          corexii_shack, kennysheep_generic_room_4, uniq_grinder, uniq_duvessa
D:5:      uniq_sigmund
D:7:      nicolae_gozag_cash_rules_everything_around_me, ebering_ghost_gozag
D:8:      the_bakery, uniq_harold, uniq_joseph
D:9:      basic_altar
D:10:     due_lair_maze_entry_diamond, orc_0_dummy, gammafunk_ghost_spectres,
          uniq_urug
D:11:     gammafunk_ghost_cemetery, kennysheep_nondescript, uniq_maurice
D:12:     cheibrodos_shockbox, nemelex_xobeh_ov_fountains_minmay
D:13:     tgw_lugonu_bribe
D:14:     david_vaults_4, nicolae_dithmenos_the_darkroom, serial_bayou,
          serial_bayou_pond_c, serial_bayou_shore_b, serial_bayou_shore_b,
          serial_bayou_pond_a, serial_bayou_pond_c, serial_bayou_pond_e
D:15:     gammafunk_depths_entry_grave, minmay_tree_intersection, enter_trove_6,
          uniq_agnes
Temple:   nicolae_temple_the_god_donut
Lair:1:   grunt_forest_small_clearing_treed
Lair:2:   chequers_serial_rivers_room_b, serial_bayou_shore_b
Lair:3:   cheibrodos_magma_flow, swamp_mist, uniq_rupert
Lair:4:   guppyfry_snake_entry_island, portal_ice_cave_demonic_guard,
          grunt_megastairs_5, serial_bayou_shore_a
Lair:5:   infiniplex_staircase_pool_2
Lair:6:   gammafunk_lair_ancient_temple, slime_altar_2
Swamp:1:  evilmike_swamp_ruin_house_2, swamp_pool1, hangedman_swamp_blocks
Swamp:2:  ebering_ghost_reflecting_pool, nicolae_swamp_fairy_circle
Swamp:3:  evilmike_swamp_ruin_rubble_1, swamp_pool2, uniq_jorgrun, uniq_roxanne
Swamp:4:  swamp
Snake:1:  uniq_asterion
Snake:2:  serial_shops, bzr_entry_safe
Snake:3:  grunt_ministairs_3, lightli_airlock
Snake:4:  grunt_snake_rune_spirals, serial_shops, shop,
          nicolae_shop_statue_plus, shop_fountains, serial_bayou_shore_b,
          uniq_vashnia
Slime:1:  cheibrodos_slime_lost_civilization_2,
          cheibrodos_slime_lost_civilization_5
Orc:2:    grunt_orc_community_town_hall, grunt_orc_community_big_house_2,
          grunt_orc_community_big_house_2, grunt_orc_community_house_2,
          grunt_orc_community_house_2, grunt_orc_community_house_3,
          grunt_orc_community_house_2, basic_altar, serial_shops,
          nicolae_shop_statue_plus
Elf:1:    eino_elf_arrival_customs, minmay_elf_demonology
Elf:3:    elf_hall
Vaults:1: vaults_room_guarded_vault, v_rooms_1, vaults_dpeg_hooks, v_misc_10,
          ontoclasm_vaults_hangar, v_misc_17, v_misc_9, v_misc_31, v_misc_27
Vaults:2: vaults_room_door_ring, minmay_crypt_entry_simple_statues,
          vaults_mumra_hexcomb, nicolae_vaults_what_the_h,
          vaults_room_stairs_pillars, ontoclasm_vaults_fault,
          nicolae_vaults_three_branches, nicolae_vaults_network_square,
          v_misc_4, nicolae_vaults_theta, vaults_dpeg_ring, v_pattern_1,
          ontoclasm_vaults_ring_small
Vaults:3: vaults_room_pools, v_rooms_6, v_misc_2, hangedman_vaults_restitches,
          nicolae_vaults_windows_and_doors_thing, nicolae_vaults_angled_halls,
          sword_in_stone, v_misc_26, ontoclasm_vaults_decontamination,
          v_alt_pattern_5, nicolae_vaults_rhombus_6,
          nicolae_vaults_circle_grid_b, ontoclasm_vaults_pinch, serial_shops,
          shop
Vaults:4: nicolae_vaults_disjoint_gnomons, nicolae_vaults_angled_halls,
          nicolae_vaults_little_squares_4, dpeg_vaults_monster_row, v_misc_25,
          st_cross, nicolae_vaults_little_squares_1, v_alt_pattern_6,
          grunt_vaults_bifocal, vaults_room_ringed_pool, vaults_room_hallway,
          vaults_dpeg_encased_lava, nicolae_vaults_alarming
Vaults:5: uniq_frederick
Crypt:1:  uniq_saint_roka
Crypt:2:  due_chaos_kobolds
Crypt:3:  cryptofortress_bobbens
Tomb:2:   uniq_boris
Depths:1: onia_ninara_swampy_vault, abyss_entry_crystal, hellmouth_1,
          serial_sigils, serial_sigils_hangedman_shear,
          serial_sigils_hangedman_stare, serial_sigils_hangedman_shear,
          minmay_misc_feat_rugged, pan_entry, chequers_serial_rivers_room_a,
          hangedman_devilish_allure
Depths:2: minmay_the_grid_triangle_9x9_rhombus_full_mashed, serial_shops,
          shop_statue, lightli_too_deep, minmay_crystal_water,
          minmay_staircase_statues
Depths:3: lemuel_river_lethe, pan_entry, abyss_entry, hell_entry
Depths:4: grunt_twist_and_shout, hell_entry, abyss_entry,
          minmay_staircase_bubble, uniq_mennas, uniq_boris
Depths:5: grunt_zot_entry_bicorn, enter_ziggurat_e, roderic_nine_men_s_morris,
          pf_hell_entry_great_geh, minmay_multi_spiral
Dis:7:    dis_hangedman
Geh:1:    grunt_megastairs_2
Geh:2:    hangedman_elemental_grid_stream
Geh:4:    grunt_megastairs_1
Geh:5:    evilmike_ambush
Geh:7:    geh_mu
Coc:7:    coc_old
Tar:2:    lemuel_elevator
Tar:3:    nicolae_tar_cuneiform_water
Tar:7:    tar_minmay_river
Zot:1:    zot_minivault_5
Abyss:2:  guppyfry_abyss_exit_spiral_guarded
Abyss:3:  bh_abyss_exit_spiral, abyss_furniture_001
Abyss:4:  hangedman_abyss_batty_box, evilmike_abyss_rune_siren_acolytes,
          hangedman_abyss_shoalhut, minivault_26,
          nicolae_abyss_rune_left_handed, evilmike_abyss_exit_4,
          hangedman_abyss_or_decor_stabs, hangedman_stitches_earthworm
Pan:      evilmike_mini_pan_corner, pan_blood_fountain_2, grunt_pan_spiral,
          pan_blood_fountain_2, evilmike_mini_pan_corner,
          nicolae_pan_gloorx_vloqian_2, pan_surprise, rand_demon_7,
          evilmike_mini_pan_branches, evilmike_mini_pan_pillars_b,
          nicolae_pan_double_arrow, evilmike_mini_pan_rooms,
          pan_blood_fountain_2, evilmike_mini_pan_doors_b,
          pan_blood_fountain_small, nicolae_pan_cerebovesque_2,
          nicolae_pan_sigil_obb, pan_disco_hall, lom_lobon,
          evilmike_mini_pan_other_thingy, pan_blood_fountain_small,
          evilmike_holy_pan, cerebov, nicolae_pan_cerebovesque_4,
          nicolae_pan_sigil_nadil, gloorx_vloq, pan_blood_fountain_small,
          grunt_pan_pentagram, grunt_pan_frozen_over, grunt_pan_sceptre,
          uniq_lom_lobon, mnoleg, pan_blood_fountain, uniq_lom_lobon
Bazaar:   bazaar_short_row
Trove:    trove_wands_scrolls
IceCv:    ice_cave_small_dragons

Skill      XL: |  1  2  3  4  5  6  7  8  9 10 11 12 13 14 15 16 17 18 19 20 21 22 23 24 25 26 27 |
---------------+----------------------------------------------------------------------------------+-----
Polearms       | 4 5 6 7 9 10 12 14 16 17 19 20 | 20.0
Fighting       | 3 4 5 6 8 9 10 12 14 15 16 17 18 19 20 26 | 26.3
Dodging        | 4 5 7 9 11 14 15 16 17 18 19 20 21 22 23 25 | 25.0
Shields        | 1 4 15 | 15.0
Charms         | 4 6 7 9 10 14 | 14.3
Invocations    | 2 3 5 7 8 9 |  9.0
Spellcasting   | 3 5 6 7 8 10 20 | 20.5
Evocations     | 3 6 7 14 | 14.0
Transmutations | 1 6 9 11 12 14 17 20 25 | 25.4
Earth Magic    | 1 4 5 6 8 10 11 12 | 12.0
Summonings     | 4 12 16 17 18 19 24 | 24.6
Necromancy     | 3 15 | 15.3
Translocations | 15 | 15.0
Armour         | 15 | 15.9
Air Magic      | 6 |  6.6

Action                   |  1- 3 |  4- 6 |  7- 9 | 10-12 | 13-15 | 16-18 | 19-21 | 22-24 | 25-27 || total
-------------------------+-------+-------+-------+-------+-------+-------+-------+-------+-------++-------
Melee: Spear             |   200 |   228 |   436 |       |       |       |       |       |       ||   864
       Tailslap          |       |     1 |       |     1 |     6 |     9 |     2 |    15 |    54 ||    88
       Scythe            |       |       |     5 |       |       |       |       |       |       ||     5
       Trident           |       |       |   111 |   644 |   682 |       |       |       |       ||  1437
       Halberd           |       |       |       |    31 |   539 |   906 |    18 |       |       ||  1494
       Glaive            |       |       |       |       |       |   316 |   984 |  1285 |  2425 ||  5010
       Trishula          |       |       |       |       |       |       |       |       |  4446 ||  4446
Throw: Throwing net      |       |       |       |     2 |       |       |       |       |     3 ||     5
 Cast: Infusion          |     5 |    11 |    26 |    37 |    18 |     2 |       |       |       ||    99
       Song of Slaying   |       |       |       |     1 |     2 |     4 |       |     2 |    11 ||    20
       Spectral Weapon   |       |       |       |       |    78 |    95 |    77 |    56 |   115 ||   421
       Regeneration      |       |       |       |       |    18 |    54 |    25 |    27 |   233 ||   357
       Statue Form       |       |       |       |       |       |       |       |     3 |    46 ||    49
       Summon Lightning  |       |       |       |       |       |       |       |     1 |    49 ||    50
       Apportation       |       |       |       |       |       |       |       |     5 |   144 ||   149
       Monstrous Menager |       |       |       |       |       |       |       |       |     7 ||     7
       Borgnjor's Vile C |       |       |       |       |       |       |       |       |   220 ||   220
       Animate Skeleton  |       |       |       |       |       |       |       |       |    49 ||    49
       Passwall          |       |       |       |       |       |       |       |       |    28 ||    28
       Passage of Golubr |       |       |       |       |       |       |       |       |    23 ||    23
       Aura of Abjuratio |       |       |       |       |       |       |       |       |    18 ||    18
       Blink             |       |       |       |       |       |       |       |       |    18 ||    18
       Lesser Beckoning  |       |       |       |       |       |       |       |       |    16 ||    16
       Necromutation     |       |       |       |       |       |       |       |       |    13 ||    13
       Malign Gateway    |       |       |       |       |       |       |       |       |     6 ||     6
       Summon Horrible T |       |       |       |       |       |       |       |       |     5 ||     5
       Yara's Violent Un |       |       |       |       |       |       |       |       |     4 ||     4
       Summon Forest     |       |       |       |       |       |       |       |       |     3 ||     3
       Deflect Missiles  |       |       |       |       |       |       |       |       |     2 ||     2
Invok: Ancestor Identity |       |       |     2 |       |       |       |       |       |       ||     2
       Recall Ancestor   |       |       |     1 |     7 |    10 |    12 |     9 |    11 |    57 ||   107
       Ancestor Life: Kn |       |       |     1 |       |       |       |       |       |       ||     1
       Idealise          |       |       |       |       |     6 |     8 |     7 |     8 |    18 ||    47
       Transference      |       |       |       |       |     2 |     1 |     3 |     1 |    45 ||    52
 Abil: End Transformatio |       |       |       |       |       |       |       |     3 |    43 ||    46
Evoke: Wand              |       |       |     5 |     7 |     4 |   149 |       |       |    33 ||   198
       Lightning rod     |       |       |       |       |       |       |     2 |       |     8 ||    10
       Lamp of fire      |       |       |       |       |       |       |       |       |     4 ||     4
       Staff of energy   |       |       |       |       |       |       |       |       |   294 ||   294
       Phial of floods   |       |       |       |       |       |       |       |       |     3 ||     3
  Use: Scroll            |       |       |     8 |    12 |    13 |    10 |     5 |    19 |    67 ||   134
       Potion            |       |       |       |     2 |     1 |     1 |       |       |    21 ||    25
 Stab: Sleeping          |     4 |     7 |     4 |       |     5 |    13 |     9 |     7 |    14 ||    63
       Distracted        |     1 |     2 |     2 |     7 |    22 |    23 |    32 |    50 |   243 ||   382
       Held in net/web   |       |       |       |     2 |       |       |       |       |     4 ||     6
       Petrifying        |       |       |       |       |       |     6 |       |       |       ||     6
       Paralysed         |       |       |       |       |       |     8 |       |       |     8 ||    16
       Confused          |       |       |       |       |       |     5 |       |       |       ||     5
       Petrified         |       |       |       |       |       |     2 |       |       |     3 ||     5
  Eat: Chunk             |     2 |     6 |    18 |    20 |    43 |    19 |    28 |    22 |    57 ||   215
       Ration            |       |       |       |     1 |       |     8 |     2 |     3 |    32 ||    46
Armor: Leather armour    |    39 |    43 |    41 |    11 |    68 |    55 |    17 |       |       ||   274
       Ring mail         |       |       |       |     7 |     6 |       |    10 |    40 |   135 ||   198
       Skin              |       |       |       |     5 |       |       |       |     1 |   212 ||   218
       Pearl dragon scal |       |       |       |       |       |       |       |       |   533 ||   533
Dodge: Dodged            |   103 |    87 |   150 |   166 |   459 |   510 |   342 |   559 |  3533 ||  5909
       Deflected         |       |       |       |       |       |    58 |    26 |    13 |    57 ||   154
Block: Buckler           |       |       |    32 |    68 |    81 |       |       |       |       ||   181
       Shield            |       |       |       |       |       |       |       |       |  1544 ||  1544

Table legend:
 A = Non-vault XP
 B = Vault XP
 C = Vault XP percentage of total XP
 D = Non-vault monster count
 E = Vault monster count
 F = Vault count percentage of total count
                 A         B        C        D         E       F
            +---------+---------+-------+---------+---------+-------
      Total | 1806149 | 1754023 |  49.3 |    2993 |    1636 |  35.3
            +---------+---------+-------+---------+---------+-------
        D:1 |      66 |      10 |  13.2 |      36 |       6 |  14.3
        D:2 |      45 |       0 |   0.0 |      20 |       0 |   0.0
        D:3 |     109 |       0 |   0.0 |      17 |       0 |   0.0
        D:4 |     589 |     496 |  45.7 |      22 |       5 |  18.5
        D:5 |     594 |     231 |  28.0 |      23 |       1 |   4.2
        D:6 |     904 |       0 |   0.0 |      29 |       0 |   0.0
        D:7 |    1069 |    2042 |  65.6 |      20 |       5 |  20.0
        D:8 |     721 |    1649 |  69.6 |      21 |       3 |  12.5
        D:9 |    1336 |       0 |   0.0 |      20 |       0 |   0.0
       D:10 |     643 |    4385 |  87.2 |      13 |      17 |  56.7
       D:11 |    4363 |    2801 |  39.1 |      35 |       3 |   7.9
       D:12 |    4310 |     784 |  15.4 |      17 |       1 |   5.6
       D:13 |    7032 |       0 |   0.0 |      29 |       0 |   0.0
       D:14 |   12594 |    2102 |  14.3 |      42 |       3 |   6.7
       D:15 |   19117 |    6899 |  26.5 |      47 |       9 |  16.1
     Lair:1 |    4206 |       0 |   0.0 |      22 |       0 |   0.0
     Lair:2 |    4790 |     454 |   8.7 |      18 |       1 |   5.3
     Lair:3 |    3517 |    3408 |  49.2 |      20 |       7 |  25.9
     Lair:4 |    6330 |    1037 |  14.1 |      21 |       4 |  16.0
     Lair:5 |    7931 |       0 |   0.0 |      28 |       0 |   0.0
     Lair:6 |   12627 |    8977 |  41.6 |      43 |      31 |  41.9
    Swamp:1 |    7786 |       0 |   0.0 |      15 |       0 |   0.0
    Swamp:2 |   14542 |       0 |   0.0 |      33 |       0 |   0.0
    Swamp:3 |   12928 |    4988 |  27.8 |      33 |       2 |   5.7
    Swamp:4 |   21995 |   17811 |  44.7 |      35 |      26 |  42.6
    Snake:1 |    5777 |    2509 |  30.3 |      12 |       1 |   7.7
    Snake:2 |    9820 |       0 |   0.0 |      21 |       0 |   0.0
    Snake:3 |    7567 |    7653 |  50.3 |      14 |      13 |  48.1
    Snake:4 |   23396 |   63804 |  73.2 |      48 |      91 |  65.5
    Slime:1 |   16825 |       0 |   0.0 |      28 |       0 |   0.0
    Slime:2 |   19611 |       0 |   0.0 |      27 |       0 |   0.0
    Slime:3 |   23587 |       0 |   0.0 |      37 |       0 |   0.0
    Slime:4 |   35799 |       0 |   0.0 |      58 |       0 |   0.0
    Slime:5 |   18426 |   32043 |  63.5 |      23 |      12 |  34.3
      Orc:1 |    5138 |       0 |   0.0 |      27 |       0 |   0.0
      Orc:2 |    2909 |    9109 |  75.8 |      33 |      69 |  67.6
      Elf:1 |   27799 |    7511 |  21.3 |      40 |      13 |  24.5
      Elf:2 |    2365 |   23890 |  91.0 |       6 |      30 |  83.3
      Elf:3 |   27891 |   42786 |  60.5 |      46 |      28 |  37.8
   Vaults:1 |   27675 |   19038 |  40.8 |      45 |      29 |  39.2
   Vaults:2 |   26130 |   12110 |  31.7 |      53 |      20 |  27.4
   Vaults:3 |   31603 |   33063 |  51.1 |      57 |      43 |  43.0
   Vaults:4 |   29398 |   22864 |  43.7 |      30 |      22 |  42.3
   Vaults:5 |   28791 |  157702 |  84.6 |      47 |      98 |  67.6
    Crypt:1 |   27150 |    5930 |  17.9 |      51 |      11 |  17.7
    Crypt:2 |   41045 |      11 |   0.0 |      46 |       8 |  14.8
    Crypt:3 |       0 |   60443 | 100.0 |       0 |      90 | 100.0
     Tomb:1 |   17118 |   45533 |  72.7 |      37 |      32 |  46.4
     Tomb:2 |    2129 |   12765 |  85.7 |       5 |      15 |  75.0
     Tomb:3 |   11077 |  121784 |  91.7 |      25 |      90 |  78.3
   Depths:1 |   41651 |   23075 |  35.7 |      62 |      42 |  40.4
   Depths:2 |   54187 |   29659 |  35.4 |      70 |      25 |  26.3
   Depths:3 |       0 |   61456 | 100.0 |       0 |     115 | 100.0
   Depths:4 |   43201 |   20069 |  31.7 |      43 |       8 |  15.7
   Depths:5 |   63631 |   56845 |  47.2 |      72 |      36 |  33.3
       Hell |   26013 |   26698 |  50.6 |      36 |      55 |  60.4
      Dis:1 |   10337 |       0 |   0.0 |      11 |       0 |   0.0
      Dis:3 |   21608 |       0 |   0.0 |      36 |       0 |   0.0
      Dis:4 |   22737 |       0 |   0.0 |      20 |       0 |   0.0
      Dis:5 |    5516 |       0 |   0.0 |      14 |       0 |   0.0
      Dis:6 |     718 |       0 |   0.0 |       2 |       0 |   0.0
      Dis:7 |   25394 |  104443 |  80.4 |      27 |      88 |  76.5
      Geh:1 |    1028 |       0 |   0.0 |       5 |       0 |   0.0
      Geh:2 |   18550 |     657 |   3.4 |      33 |       1 |   2.9
      Geh:3 |   17705 |       0 |   0.0 |      43 |       0 |   0.0
      Geh:4 |    7903 |       0 |   0.0 |      16 |       0 |   0.0
      Geh:5 |    5897 |   11064 |  65.2 |      17 |      22 |  56.4
      Geh:6 |    7826 |       0 |   0.0 |      11 |       0 |   0.0
      Geh:7 |   51317 |   61112 |  54.4 |      90 |      36 |  28.6
      Coc:1 |     926 |       0 |   0.0 |       6 |       0 |   0.0
      Coc:2 |   12090 |       0 |   0.0 |      32 |       0 |   0.0
      Coc:3 |   29126 |       0 |   0.0 |      50 |       0 |   0.0
      Coc:4 |    3477 |       0 |   0.0 |      10 |       0 |   0.0
      Coc:5 |    3262 |       0 |   0.0 |      10 |       0 |   0.0
      Coc:6 |   16463 |       0 |   0.0 |      29 |       0 |   0.0
      Coc:7 |   58277 |   59521 |  50.5 |      94 |      53 |  36.1
      Tar:1 |    5569 |       0 |   0.0 |      12 |       0 |   0.0
      Tar:2 |    1640 |       0 |   0.0 |       3 |       0 |   0.0
      Tar:3 |    7395 |       0 |   0.0 |      16 |       0 |   0.0
      Tar:4 |   13677 |       0 |   0.0 |      23 |       0 |   0.0
      Tar:5 |   34743 |       0 |   0.0 |      35 |       0 |   0.0
      Tar:6 |   11213 |       0 |   0.0 |      13 |       0 |   0.0
      Tar:7 |   52704 |   74043 |  58.4 |      75 |      52 |  40.9
      Zot:1 |   62205 |   22390 |  26.5 |      40 |      11 |  21.6
      Zot:2 |   46290 |       0 |   0.0 |      22 |       0 |   0.0
      Zot:3 |   33360 |       0 |   0.0 |      14 |       0 |   0.0
      Zot:4 |   34740 |       0 |   0.0 |      23 |       0 |   0.0
      Zot:5 |   38429 |  162340 |  80.9 |      17 |      41 |  70.7
    Abyss:2 |    6418 |       0 |   0.0 |      11 |       0 |   0.0
    Abyss:3 |   43040 |    1483 |   3.3 |      82 |       4 |   4.7
    Abyss:4 |   12539 |    8691 |  40.9 |      15 |      11 |  42.3
    Abyss:5 |    8703 |       0 |   0.0 |      17 |       0 |   0.0
        Pan |  225474 |  286368 |  55.9 |     261 |     177 |  40.4
      IceCv |       0 |    5487 | 100.0 |       0 |      20 | 100.0
            +---------+---------+-------+---------+---------+-------
